Workbook

Sheet Trend-Sales
B2: Sales Trend
B3: Magnimetrics
B5: in EUR
L8: Approaches Comparison
L9: Approach | M9: 2014 | N9: 2015 | O9: 2016 | P9: 2017 | Q9: 2018 | R9: 2019 | S9: 2020 | T9: 2021
L10: Sales Historical | M10: ='Trend-Country'!C47 -> 92696770 | N10: ='Trend-Country'!D47 -> 1.3941293e+08 | O10: ='Trend-Country'!E47 -> 1.4223251e+08 | P10: ='Trend-Country'!F47 -> 1.2081698e+08 | Q10: ='Trend-Country'!G47 -> 1.5986922e+08
L11: Sales FC per Country | R11: ='Trend-Country'!H47 -> 1.8125306e+08 | S11: ='Trend-Country'!I47 -> 2.0005819e+08 | T11: ='Trend-Country'!J47 -> 2.191518e+08
L12: Sales FC per Group | R12: ='Trend-Group'!H26 -> 1.6767054e+08 | S12: ='Trend-Group'!I26 -> 1.8285736e+08 | T12: ='Trend-Group'!J26 -> 1.9804418e+08
L13: Sales FC on Total | R13: =_xlfn.FORECAST.LINEAR(R9,$M$10:$Q$10,$M$9:$Q$9) -> 1.6573037e+08 | S13: =_xlfn.FORECAST.LINEAR(S9,$M$10:$Q$10,$M$9:$Q$9) -> 1.7730526e+08 | T13: =_xlfn.FORECAST.LINEAR(T9,$M$10:$Q$10,$M$9:$Q$9) -> 1.8888015e+08
C22: Actual | H22: Forecast
B23: Group of Clients | C23: 2014 | D23: 2015 | E23: 2016 | F23: 2017 | G23: 2018 | H23: 2019 | I23: 2020 | J23: 2021
B24: Sales | C24: 92696770 | D24: 1.3941293e+08 | E24: 1.4223251e+08 | F24: 1.2081698e+08 | G24: 1.5986922e+08 | H24: =H23*$C$28+$C$29 -> 1.6573037e+08 | I24: =I23*$C$28+$C$29 -> 1.7730526e+08 | J24: =J23*$C$28+$C$29 -> 1.8888015e+08
B27: Trendline | C27: =B24 -> Sales
B28: Slope | C28: =SLOPE(C24:G24,C23:G23) -> 11574894
B29: Intercept | C29: =INTERCEPT(C24:G24,C23:G23) -> -2.3203981e+10

Sheet Trend-Group
B2: Foreign and Related Party Trend Analysis
B3: Magnimetrics
B5: in EUR
C22: Actual | H22: Forecast
B23: Group of Clients | C23: 2014 | D23: 2015 | E23: 2016 | F23: 2017 | G23: 2018 | H23: 2019 | I23: 2020 | J23: 2021
B24: Foreign | C24: 79507281 | D24: 1.1966891e+08 | E24: 1.38051e+08 | F24: 1.1609472e+08 | G24: 1.5722848e+08 | H24: =H23*$C$30+$C$31 -> 1.6767054e+08 | I24: =I23*$C$30+$C$31 -> 1.8285736e+08 | J24: =J23*$C$30+$C$31 -> 1.9804418e+08
B25: Related Parties | C25: 13189489 | D25: 19744025 | E25: 4181509.8 | F25: 4722259.7 | G25: 2640740.8 | H25: =IF(H23*$I$30+$I$31<0,0,H23*$I$30+$I$31) -> 0 | I25: =IF(I23*$I$30+$I$31<0,0,I23*$I$30+$I$31) -> 0 | J25: =IF(J23*$I$30+$I$31<0,0,J23*$I$30+$I$31) -> 0
B26: Total Sales | C26: =SUM(C24:C25) -> 92696770 | D26: =SUM(D24:D25) -> 1.3941293e+08 | E26: =SUM(E24:E25) -> 1.4223251e+08 | F26: =SUM(F24:F25) -> 1.2081698e+08 | G26: =SUM(G24:G25) -> 1.5986922e+08 | H26: =SUM(H24:H25) -> 1.6767054e+08 | I26: =SUM(I24:I25) -> 1.8285736e+08 | J26: =SUM(J24:J25) -> 1.9804418e+08
B29: Trendline | C29: =B24 -> Foreign | H29: Trendline | I29: =B25 -> Related Parties
B30: Slope | C30: =SLOPE(C24:G24,C23:G23) -> 15186821 | H30: Slope | I30: =SLOPE(C25:G25,C23:G23) -> -3611926.2
B31: Intercept | C31: =INTERCEPT(C24:G24,C23:G23) -> -3.049452e+10 | H31: Intercept | I31: =INTERCEPT(C25:G25,C23:G23) -> 7.2905389e+09

Sheet Trend-Country
B2: Sales Analysis per Country
B3: Magnimetrics
B5: in EUR | C5: =C6/C47 -> 0.93844322 | D5: =D6/D47 -> 0.96218398 | E5: =E6/E47 -> 0.94295233 | F5: =F6/F47 -> 0.9293393 | G5: =G6/G47 -> 0.89279485
C6: =SUM(C9:C28) -> 86990655 | D6: =SUM(D9:D28) -> 1.3414089e+08 | E6: =SUM(E9:E28) -> 1.3411848e+08 | F6: =SUM(F9:F28) -> 1.1227997e+08 | G6: =SUM(G9:G28) -> 1.4273041e+08 | H6: =SUM(H9:H28) -> 1.5195523e+08 | I6: =SUM(I9:I28) -> 1.6340924e+08 | J6: =SUM(J9:J28) -> 1.7515015e+08
C7: Actual | H7: Forecast
B8: Country | C8: 2014 | D8: 2015 | E8: 2016 | F8: 2017 | G8: 2018 | H8: 2019 | I8: 2020 | J8: 2021
B9: China | C9: 17998009 | D9: 28898864 | E9: 20066239 | F9: 13515433 | G9: 16253130 | H9: =IF(_xlfn.FORECAST.LINEAR(H$8,$C9:$G9,$C$8:$G$8)<0,0,_xlfn.FORECAST.LINEAR(H$8,$C9:$G9,$C$8:$G$8)) -> 13684379 | I9: =IF(_xlfn.FORECAST.LINEAR(I$8,$C9:$G9,$C$8:$G$8)<0,0,_xlfn.FORECAST.LINEAR(I$8,$C9:$G9,$C$8:$G$8)) -> 11797060 | J9: =IF(_xlfn.FORECAST.LINEAR(J$8,$C9:$G9,$C$8:$G$8)<0,0,_xlfn.FORECAST.LINEAR(J$8,$C9:$G9,$C$8:$G$8)) -> 9909741.6
B10: Finland | C10: 16866377 | D10: 20002217 | E10: 18154541 | F10: 20301291 | G10: 13417240 | H10: =IF(_xlfn.FORECAST.LINEAR(H$8,$C10:$G10,$C$8:$G$8)<0,0,_xlfn.FORECAST.LINEAR(H$8,$C10:$G10,$C$8:$G$8)) -> 15768573 | I10: =IF(_xlfn.FORECAST.LINEAR(I$8,$C10:$G10,$C$8:$G$8)<0,0,_xlfn.FORECAST.LINEAR(I$8,$C10:$G10,$C$8:$G$8)) -> 15108653 | J10: =IF(_xlfn.FORECAST.LINEAR(J$8,$C10:$G10,$C$8:$G$8)<0,0,_xlfn.FORECAST.LINEAR(J$8,$C10:$G10,$C$8:$G$8)) -> 14448733
B11: Mexico | C11: 16171467 | D11: 20572343 | E11: 13006683 | F11: 10671935 | G11: 14344023 | H11: =IF(_xlfn.FORECAST.LINEAR(H$8,$C11:$G11,$C$8:$G$8)<0,0,_xlfn.FORECAST.LINEAR(H$8,$C11:$G11,$C$8:$G$8)) -> 10886701 | I11: =IF(_xlfn.FORECAST.LINEAR(I$8,$C11:$G11,$C$8:$G$8)<0,0,_xlfn.FORECAST.LINEAR(I$8,$C11:$G11,$C$8:$G$8)) -> 9531171.3 | J11: =IF(_xlfn.FORECAST.LINEAR(J$8,$C11:$G11,$C$8:$G$8)<0,0,_xlfn.FORECAST.LINEAR(J$8,$C11:$G11,$C$8:$G$8)) -> 8175641.6
B12: Brazil | C12: 145270.99 | D12: 3536381.2 | E12: 16034277 | F12: 20793505 | G12: 21901979 | H12: =IF(_xlfn.FORECAST.LINEAR(H$8,$C12:$G12,$C$8:$G$8)<0,0,_xlfn.FORECAST.LINEAR(H$8,$C12:$G12,$C$8:$G$8)) -> 30713444 | I12: =IF(_xlfn.FORECAST.LINEAR(I$8,$C12:$G12,$C$8:$G$8)<0,0,_xlfn.FORECAST.LINEAR(I$8,$C12:$G12,$C$8:$G$8)) -> 36790498 | J12: =IF(_xlfn.FORECAST.LINEAR(J$8,$C12:$G12,$C$8:$G$8)<0,0,_xlfn.FORECAST.LINEAR(J$8,$C12:$G12,$C$8:$G$8)) -> 42867552
B13: Madagascar | C13: 5700227.4 | D13: 9621657.5 | E13: 10833930 | F13: 8290055.2 | G13: 6941169.1 | H13: =IF(_xlfn.FORECAST.LINEAR(H$8,$C13:$G13,$C$8:$G$8)<0,0,_xlfn.FORECAST.LINEAR(H$8,$C13:$G13,$C$8:$G$8)) -> 8622492.2 | I13: =IF(_xlfn.FORECAST.LINEAR(I$8,$C13:$G13,$C$8:$G$8)<0,0,_xlfn.FORECAST.LINEAR(I$8,$C13:$G13,$C$8:$G$8)) -> 8737520.3 | J13: =IF(_xlfn.FORECAST.LINEAR(J$8,$C13:$G13,$C$8:$G$8)<0,0,_xlfn.FORECAST.LINEAR(J$8,$C13:$G13,$C$8:$G$8)) -> 8852548.5
B14: Indonesia | C14: 7063267.5 | D14: 8522716.6 | E14: 7274854.4 | F14: 1063449.2 | G14: 15838404 | H14: =IF(_xlfn.FORECAST.LINEAR(H$8,$C14:$G14,$C$8:$G$8)<0,0,_xlfn.FORECAST.LINEAR(H$8,$C14:$G14,$C$8:$G$8)) -> 10979840 | I14: =IF(_xlfn.FORECAST.LINEAR(I$8,$C14:$G14,$C$8:$G$8)<0,0,_xlfn.FORECAST.LINEAR(I$8,$C14:$G14,$C$8:$G$8)) -> 11988941 | J14: =IF(_xlfn.FORECAST.LINEAR(J$8,$C14:$G14,$C$8:$G$8)<0,0,_xlfn.FORECAST.LINEAR(J$8,$C14:$G14,$C$8:$G$8)) -> 12998042
B15: Japan | C15: 678728.9 | D15: 1548278.8 | E15: 8264505.7 | F15: 8045382.9 | G15: 7673656.5 | H15: =IF(_xlfn.FORECAST.LINEAR(H$8,$C15:$G15,$C$8:$G$8)<0,0,_xlfn.FORECAST.LINEAR(H$8,$C15:$G15,$C$8:$G$8)) -> 11388198 | I15: =IF(_xlfn.FORECAST.LINEAR(I$8,$C15:$G15,$C$8:$G$8)<0,0,_xlfn.FORECAST.LINEAR(I$8,$C15:$G15,$C$8:$G$8)) -> 13436894 | J15: =IF(_xlfn.FORECAST.LINEAR(J$8,$C15:$G15,$C$8:$G$8)<0,0,_xlfn.FORECAST.LINEAR(J$8,$C15:$G15,$C$8:$G$8)) -> 15485590
B16: United States | C16: 3206489.7 | D16: 2142231.7 | E16: 13122243 | F16: 3718331.4 | G16: 2867336.5 | H16: =IF(_xlfn.FORECAST.LINEAR(H$8,$C16:$G16,$C$8:$G$8)<0,0,_xlfn.FORECAST.LINEAR(H$8,$C16:$G16,$C$8:$G$8)) -> 5280664.4 | I16: =IF(_xlfn.FORECAST.LINEAR(I$8,$C16:$G16,$C$8:$G$8)<0,0,_xlfn.FORECAST.LINEAR(I$8,$C16:$G16,$C$8:$G$8)) -> 5370443.7 | J16: =IF(_xlfn.FORECAST.LINEAR(J$8,$C16:$G16,$C$8:$G$8)<0,0,_xlfn.FORECAST.LINEAR(J$8,$C16:$G16,$C$8:$G$8)) -> 5460223
B17: Malaysia | C17: 435644.16 | D17: 1623657.9 | E17: 2685642.3 | F17: 4288530.7 | G17: 13623870 | H17: =IF(_xlfn.FORECAST.LINEAR(H$8,$C17:$G17,$C$8:$G$8)<0,0,_xlfn.FORECAST.LINEAR(H$8,$C17:$G17,$C$8:$G$8)) -> 13243867 | I17: =IF(_xlfn.FORECAST.LINEAR(I$8,$C17:$G17,$C$8:$G$8)<0,0,_xlfn.FORECAST.LINEAR(I$8,$C17:$G17,$C$8:$G$8)) -> 16147999 | J17: =IF(_xlfn.FORECAST.LINEAR(J$8,$C17:$G17,$C$8:$G$8)<0,0,_xlfn.FORECAST.LINEAR(J$8,$C17:$G17,$C$8:$G$8)) -> 19052132
B18: Portugal | C18: 3515728.6 | D18: 2553686.4 | E18: 3187715.6 | F18: 32806.2 | G18: 11462119 | H18: =IF(_xlfn.FORECAST.LINEAR(H$8,$C18:$G18,$C$8:$G$8)<0,0,_xlfn.FORECAST.LINEAR(H$8,$C18:$G18,$C$8:$G$8)) -> 8161981.4 | I18: =IF(_xlfn.FORECAST.LINEAR(I$8,$C18:$G18,$C$8:$G$8)<0,0,_xlfn.FORECAST.LINEAR(I$8,$C18:$G18,$C$8:$G$8)) -> 9499171.4 | J18: =IF(_xlfn.FORECAST.LINEAR(J$8,$C18:$G18,$C$8:$G$8)<0,0,_xlfn.FORECAST.LINEAR(J$8,$C18:$G18,$C$8:$G$8)) -> 10836362
B19: Argentina | C19: 3363545.8 | D19: 6927718.9 | E19: 3359498.3 | F19: 4466675.2 | G19: 1844898.6 | H19: =IF(_xlfn.FORECAST.LINEAR(H$8,$C19:$G19,$C$8:$G$8)<0,0,_xlfn.FORECAST.LINEAR(H$8,$C19:$G19,$C$8:$G$8)) -> 2342965.9 | I19: =IF(_xlfn.FORECAST.LINEAR(I$8,$C19:$G19,$C$8:$G$8)<0,0,_xlfn.FORECAST.LINEAR(I$8,$C19:$G19,$C$8:$G$8)) -> 1793132.1 | J19: =IF(_xlfn.FORECAST.LINEAR(J$8,$C19:$G19,$C$8:$G$8)<0,0,_xlfn.FORECAST.LINEAR(J$8,$C19:$G19,$C$8:$G$8)) -> 1243298.3
B20: Cambodia | C20: 1656860.9 | D20: 2643874.9 | E20: 3910095.6 | F20: 3709304.5 | G20: 4255330.2 | H20: =IF(_xlfn.FORECAST.LINEAR(H$8,$C20:$G20,$C$8:$G$8)<0,0,_xlfn.FORECAST.LINEAR(H$8,$C20:$G20,$C$8:$G$8)) -> 5113803.7 | I20: =IF(_xlfn.FORECAST.LINEAR(I$8,$C20:$G20,$C$8:$G$8)<0,0,_xlfn.FORECAST.LINEAR(I$8,$C20:$G20,$C$8:$G$8)) -> 5740040.5 | J20: =IF(_xlfn.FORECAST.LINEAR(J$8,$C20:$G20,$C$8:$G$8)<0,0,_xlfn.FORECAST.LINEAR(J$8,$C20:$G20,$C$8:$G$8)) -> 6366277.3
... B28: Morocco | C28: 2276618.7 | D28: 3272032.7 | E28: 598258.54 | F28: 147 | G28: 0 | H28: =IF(_xlfn.FORECAST.LINEAR(H$8,$C28:$G28,$C$8:$G$8)<0,0,_xlfn.FORECAST.LINEAR(H$8,$C28:$G28,$C$8:$G$8)) -> 0 | I28: =IF(_xlfn.FORECAST.LINEAR(I$8,$C28:$G28,$C$8:$G$8)<0,0,_xlfn.FORECAST.LINEAR(I$8,$C28:$G28,$C$8:$G$8)) -> 0 | J28: =IF(_xlfn.FORECAST.LINEAR(J$8,$C28:$G28,$C$8:$G$8)<0,0,_xlfn.FORECAST.LINEAR(J$8,$C28:$G28,$C$8:$G$8)) -> 0
B47: Total Sales | C47: =SUM(C50:C161) -> 92696770 | D47: =SUM(D50:D161) -> 1.3941293e+08 | E47: =SUM(E50:E161) -> 1.4223251e+08 | F47: =SUM(F50:F161) -> 1.2081698e+08 | G47: =SUM(G50:G161) -> 1.5986922e+08 | H47: =SUM(H50:H161) -> 1.8125306e+08 | I47: =SUM(I50:I161) -> 2.0005819e+08 | J47: =SUM(J50:J161) -> 2.191518e+08
C48: Actual | H48: Forecast
B49: Country | C49: 2014 | D49: 2015 | E49: 2016 | F49: 2017 | G49: 2018 | H49: 2019 | I49: 2020 | J49: 2021
B50: China | C50: 17998009 | D50: 28898864 | E50: 20066239 | F50: 13515433 | G50: 16253130 | H50: =IFERROR(IF(_xlfn.FORECAST.LINEAR(H$49,$C50:$G50,$C$49:$G$49)<0,0,_xlfn.FORECAST.LINEAR(H$49,$C50:$G50,$C$49:$G$49)),0) -> 13684379 | I50: =IFERROR(IF(_xlfn.FORECAST.LINEAR(I$49,$C50:$G50,$C$49:$G$49)<0,0,_xlfn.FORECAST.LINEAR(I$49,$C50:$G50,$C$49:$G$49)),0) -> 11797060 | J50: =IFERROR(IF(_xlfn.FORECAST.LINEAR(J$49,$C50:$G50,$C$49:$G$49)<0,0,_xlfn.FORECAST.LINEAR(J$49,$C50:$G50,$C$49:$G$49)),0) -> 9909741.6
B51: Finland | C51: 16866377 | D51: 20002217 | E51: 18154541 | F51: 20301291 | G51: 13417240 | H51: =IFERROR(IF(_xlfn.FORECAST.LINEAR(H$49,$C51:$G51,$C$49:$G$49)<0,0,_xlfn.FORECAST.LINEAR(H$49,$C51:$G51,$C$49:$G$49)),0) -> 15768573 | I51: =IFERROR(IF(_xlfn.FORECAST.LINEAR(I$49,$C51:$G51,$C$49:$G$49)<0,0,_xlfn.FORECAST.LINEAR(I$49,$C51:$G51,$C$49:$G$49)),0) -> 15108653 | J51: =IFERROR(IF(_xlfn.FORECAST.LINEAR(J$49,$C51:$G51,$C$49:$G$49)<0,0,_xlfn.FORECAST.LINEAR(J$49,$C51:$G51,$C$49:$G$49)),0) -> 14448733
B52: Mexico | C52: 16171467 | D52: 20572343 | E52: 13006683 | F52: 10671935 | G52: 14344023 | H52: =IFERROR(IF(_xlfn.FORECAST.LINEAR(H$49,$C52:$G52,$C$49:$G$49)<0,0,_xlfn.FORECAST.LINEAR(H$49,$C52:$G52,$C$49:$G$49)),0) -> 10886701 | I52: =IFERROR(IF(_xlfn.FORECAST.LINEAR(I$49,$C52:$G52,$C$49:$G$49)<0,0,_xlfn.FORECAST.LINEAR(I$49,$C52:$G52,$C$49:$G$49)),0) -> 9531171.3 | J52: =IFERROR(IF(_xlfn.FORECAST.LINEAR(J$49,$C52:$G52,$C$49:$G$49)<0,0,_xlfn.FORECAST.LINEAR(J$49,$C52:$G52,$C$49:$G$49)),0) -> 8175641.6
B53: Brazil | C53: 145270.99 | D53: 3536381.2 | E53: 16034277 | F53: 20793505 | G53: 21901979 | H53: =IFERROR(IF(_xlfn.FORECAST.LINEAR(H$49,$C53:$G53,$C$49:$G$49)<0,0,_xlfn.FORECAST.LINEAR(H$49,$C53:$G53,$C$49:$G$49)),0) -> 30713444 | I53: =IFERROR(IF(_xlfn.FORECAST.LINEAR(I$49,$C53:$G53,$C$49:$G$49)<0,0,_xlfn.FORECAST.LINEAR(I$49,$C53:$G53,$C$49:$G$49)),0) -> 36790498 | J53: =IFERROR(IF(_xlfn.FORECAST.LINEAR(J$49,$C53:$G53,$C$49:$G$49)<0,0,_xlfn.FORECAST.LINEAR(J$49,$C53:$G53,$C$49:$G$49)),0) -> 42867552
B54: Madagascar | C54: 5700227.4 | D54: 9621657.5 | E54: 10833930 | F54: 8290055.2 | G54: 6941169.1 | H54: =IFERROR(IF(_xlfn.FORECAST.LINEAR(H$49,$C54:$G54,$C$49:$G$49)<0,0,_xlfn.FORECAST.LINEAR(H$49,$C54:$G54,$C$49:$G$49)),0) -> 8622492.2 | I54: =IFERROR(IF(_xlfn.FORECAST.LINEAR(I$49,$C54:$G54,$C$49:$G$49)<0,0,_xlfn.FORECAST.LINEAR(I$49,$C54:$G54,$C$49:$G$49)),0) -> 8737520.3 | J54: =IFERROR(IF(_xlfn.FORECAST.LINEAR(J$49,$C54:$G54,$C$49:$G$49)<0,0,_xlfn.FORECAST.LINEAR(J$49,$C54:$G54,$C$49:$G$49)),0) -> 8852548.5
B55: Indonesia | C55: 7063267.5 | D55: 8522716.6 | E55: 7274854.4 | F55: 1063449.2 | G55: 15838404 | H55: =IFERROR(IF(_xlfn.FORECAST.LINEAR(H$49,$C55:$G55,$C$49:$G$49)<0,0,_xlfn.FORECAST.LINEAR(H$49,$C55:$G55,$C$49:$G$49)),0) -> 10979840 | I55: =IFERROR(IF(_xlfn.FORECAST.LINEAR(I$49,$C55:$G55,$C$49:$G$49)<0,0,_xlfn.FORECAST.LINEAR(I$49,$C55:$G55,$C$49:$G$49)),0) -> 11988941 | J55: =IFERROR(IF(_xlfn.FORECAST.LINEAR(J$49,$C55:$G55,$C$49:$G$49)<0,0,_xlfn.FORECAST.LINEAR(J$49,$C55:$G55,$C$49:$G$49)),0) -> 12998042
B56: Japan | C56: 678728.9 | D56: 1548278.8 | E56: 8264505.7 | F56: 8045382.9 | G56: 7673656.5 | H56: =IFERROR(IF(_xlfn.FORECAST.LINEAR(H$49,$C56:$G56,$C$49:$G$49)<0,0,_xlfn.FORECAST.LINEAR(H$49,$C56:$G56,$C$49:$G$49)),0) -> 11388198 | I56: =IFERROR(IF(_xlfn.FORECAST.LINEAR(I$49,$C56:$G56,$C$49:$G$49)<0,0,_xlfn.FORECAST.LINEAR(I$49,$C56:$G56,$C$49:$G$49)),0) -> 13436894 | J56: =IFERROR(IF(_xlfn.FORECAST.LINEAR(J$49,$C56:$G56,$C$49:$G$49)<0,0,_xlfn.FORECAST.LINEAR(J$49,$C56:$G56,$C$49:$G$49)),0) -> 15485590
B57: United States | C57: 3206489.7 | D57: 2142231.7 | E57: 13122243 | F57: 3718331.4 | G57: 2867336.5 | H57: =IFERROR(IF(_xlfn.FORECAST.LINEAR(H$49,$C57:$G57,$C$49:$G$49)<0,0,_xlfn.FORECAST.LINEAR(H$49,$C57:$G57,$C$49:$G$49)),0) -> 5280664.4 | I57: =IFERROR(IF(_xlfn.FORECAST.LINEAR(I$49,$C57:$G57,$C$49:$G$49)<0,0,_xlfn.FORECAST.LINEAR(I$49,$C57:$G57,$C$49:$G$49)),0) -> 5370443.7 | J57: =IFERROR(IF(_xlfn.FORECAST.LINEAR(J$49,$C57:$G57,$C$49:$G$49)<0,0,_xlfn.FORECAST.LINEAR(J$49,$C57:$G57,$C$49:$G$49)),0) -> 5460223
B58: Malaysia | C58: 435644.16 | D58: 1623657.9 | E58: 2685642.3 | F58: 4288530.7 | G58: 13623870 | H58: =IFERROR(IF(_xlfn.FORECAST.LINEAR(H$49,$C58:$G58,$C$49:$G$49)<0,0,_xlfn.FORECAST.LINEAR(H$49,$C58:$G58,$C$49:$G$49)),0) -> 13243867 | I58: =IFERROR(IF(_xlfn.FORECAST.LINEAR(I$49,$C58:$G58,$C$49:$G$49)<0,0,_xlfn.FORECAST.LINEAR(I$49,$C58:$G58,$C$49:$G$49)),0) -> 16147999 | J58: =IFERROR(IF(_xlfn.FORECAST.LINEAR(J$49,$C58:$G58,$C$49:$G$49)<0,0,_xlfn.FORECAST.LINEAR(J$49,$C58:$G58,$C$49:$G$49)),0) -> 19052132
B59: Portugal | C59: 3515728.6 | D59: 2553686.4 | E59: 3187715.6 | F59: 32806.2 | G59: 11462119 | H59: =IFERROR(IF(_xlfn.FORECAST.LINEAR(H$49,$C59:$G59,$C$49:$G$49)<0,0,_xlfn.FORECAST.LINEAR(H$49,$C59:$G59,$C$49:$G$49)),0) -> 8161981.4 | I59: =IFERROR(IF(_xlfn.FORECAST.LINEAR(I$49,$C59:$G59,$C$49:$G$49)<0,0,_xlfn.FORECAST.LINEAR(I$49,$C59:$G59,$C$49:$G$49)),0) -> 9499171.4 | J59: =IFERROR(IF(_xlfn.FORECAST.LINEAR(J$49,$C59:$G59,$C$49:$G$49)<0,0,_xlfn.FORECAST.LINEAR(J$49,$C59:$G59,$C$49:$G$49)),0) -> 10836362
B60: Argentina | C60: 3363545.8 | D60: 6927718.9 | E60: 3359498.3 | F60: 4466675.2 | G60: 1844898.6 | H60: =IFERROR(IF(_xlfn.FORECAST.LINEAR(H$49,$C60:$G60,$C$49:$G$49)<0,0,_xlfn.FORECAST.LINEAR(H$49,$C60:$G60,$C$49:$G$49)),0) -> 2342965.9 | I60: =IFERROR(IF(_xlfn.FORECAST.LINEAR(I$49,$C60:$G60,$C$49:$G$49)<0,0,_xlfn.FORECAST.LINEAR(I$49,$C60:$G60,$C$49:$G$49)),0) -> 1793132.1 | J60: =IFERROR(IF(_xlfn.FORECAST.LINEAR(J$49,$C60:$G60,$C$49:$G$49)<0,0,_xlfn.FORECAST.LINEAR(J$49,$C60:$G60,$C$49:$G$49)),0) -> 1243298.3
B61: Cambodia | C61: 1656860.9 | D61: 2643874.9 | E61: 3910095.6 | F61: 3709304.5 | G61: 4255330.2 | H61: =IFERROR(IF(_xlfn.FORECAST.LINEAR(H$49,$C61:$G61,$C$49:$G$49)<0,0,_xlfn.FORECAST.LINEAR(H$49,$C61:$G61,$C$49:$G$49)),0) -> 5113803.7 | I61: =IFERROR(IF(_xlfn.FORECAST.LINEAR(I$49,$C61:$G61,$C$49:$G$49)<0,0,_xlfn.FORECAST.LINEAR(I$49,$C61:$G61,$C$49:$G$49)),0) -> 5740040.5 | J61: =IFERROR(IF(_xlfn.FORECAST.LINEAR(J$49,$C61:$G61,$C$49:$G$49)<0,0,_xlfn.FORECAST.LINEAR(J$49,$C61:$G61,$C$49:$G$49)),0) -> 6366277.3
... B68: Poland | C68: 1917844 | D68: 1644738 | E68: 1262009.9 | F68: 824295.65 | G68: 692454.34 | H68: =IFERROR(IF(_xlfn.FORECAST.LINEAR(H$49,$C68:$G68,$C$49:$G$49)<0,0,_xlfn.FORECAST.LINEAR(H$49,$C68:$G68,$C$49:$G$49)),0) -> 286901.87 | I68: =IFERROR(IF(_xlfn.FORECAST.LINEAR(I$49,$C68:$G68,$C$49:$G$49)<0,0,_xlfn.FORECAST.LINEAR(I$49,$C68:$G68,$C$49:$G$49)),0) -> 0 | J68: =IFERROR(IF(_xlfn.FORECAST.LINEAR(J$49,$C68:$G68,$C$49:$G$49)<0,0,_xlfn.FORECAST.LINEAR(J$49,$C68:$G68,$C$49:$G$49)),0) -> 0
B69: Morocco | C69: 2276618.7 | D69: 3272032.7 | E69: 598258.54 | F69: 147 | H69: =IFERROR(IF(_xlfn.FORECAST.LINEAR(H$49,$C69:$G69,$C$49:$G$49)<0,0,_xlfn.FORECAST.LINEAR(H$49,$C69:$G69,$C$49:$G$49)),0) -> 0 | I69: =IFERROR(IF(_xlfn.FORECAST.LINEAR(I$49,$C69:$G69,$C$49:$G$49)<0,0,_xlfn.FORECAST.LINEAR(I$49,$C69:$G69,$C$49:$G$49)),0) -> 0 | J69: =IFERROR(IF(_xlfn.FORECAST.LINEAR(J$49,$C69:$G69,$C$49:$G$49)<0,0,_xlfn.FORECAST.LINEAR(J$49,$C69:$G69,$C$49:$G$49)),0) -> 0
B70: Central African Republic | D70: 7513.8 | E70: 479842.1 | F70: 221596.2 | G70: 4409545.4 | H70: =IFERROR(IF(_xlfn.FORECAST.LINEAR(H$49,$C70:$G70,$C$49:$G$49)<0,0,_xlfn.FORECAST.LINEAR(H$49,$C70:$G70,$C$49:$G$49)),0) -> 4516586.6 | I70: =IFERROR(IF(_xlfn.FORECAST.LINEAR(I$49,$C70:$G70,$C$49:$G$49)<0,0,_xlfn.FORECAST.LINEAR(I$49,$C70:$G70,$C$49:$G$49)),0) -> 5811371.5 | J70: =IFERROR(IF(_xlfn.FORECAST.LINEAR(J$49,$C70:$G70,$C$49:$G$49)<0,0,_xlfn.FORECAST.LINEAR(J$49,$C70:$G70,$C$49:$G$49)),0) -> 7106156.4
B71: Venezuela | C71: 115182.14 | D71: -7408.842 | E71: 25550.28 | F71: 3780 | G71: 3127168 | H71: =IFERROR(IF(_xlfn.FORECAST.LINEAR(H$49,$C71:$G71,$C$49:$G$49)<0,0,_xlfn.FORECAST.LINEAR(H$49,$C71:$G71,$C$49:$G$49)),0) -> 2463402.5 | I71: =IFERROR(IF(_xlfn.FORECAST.LINEAR(I$49,$C71:$G71,$C$49:$G$49)<0,0,_xlfn.FORECAST.LINEAR(I$49,$C71:$G71,$C$49:$G$49)),0) -> 3066918.5 | J71: =IFERROR(IF(_xlfn.FORECAST.LINEAR(J$49,$C71:$G71,$C$49:$G$49)<0,0,_xlfn.FORECAST.LINEAR(J$49,$C71:$G71,$C$49:$G$49)),0) -> 3670434.6
B72: Saint Kitts and Nevis | E72: 103794.6 | F72: 706353.9 | G72: 2446573.5 | H72: =IFERROR(IF(_xlfn.FORECAST.LINEAR(H$49,$C72:$G72,$C$49:$G$49)<0,0,_xlfn.FORECAST.LINEAR(H$49,$C72:$G72,$C$49:$G$49)),0) -> 3428352.9 | I72: =IFERROR(IF(_xlfn.FORECAST.LINEAR(I$49,$C72:$G72,$C$49:$G$49)<0,0,_xlfn.FORECAST.LINEAR(I$49,$C72:$G72,$C$49:$G$49)),0) -> 4599742.3 | J72: =IFERROR(IF(_xlfn.FORECAST.LINEAR(J$49,$C72:$G72,$C$49:$G$49)<0,0,_xlfn.FORECAST.LINEAR(J$49,$C72:$G72,$C$49:$G$49)),0) -> 5771131.8
B73: Germany | E73: 16955.4 | F73: 2997762.8 | H73: =IFERROR(IF(_xlfn.FORECAST.LINEAR(H$49,$C73:$G73,$C$49:$G$49)<0,0,_xlfn.FORECAST.LINEAR(H$49,$C73:$G73,$C$49:$G$49)),0) -> 8959377.6 | I73: =IFERROR(IF(_xlfn.FORECAST.LINEAR(I$49,$C73:$G73,$C$49:$G$49)<0,0,_xlfn.FORECAST.LINEAR(I$49,$C73:$G73,$C$49:$G$49)),0) -> 11940185 | J73: =IFERROR(IF(_xlfn.FORECAST.LINEAR(J$49,$C73:$G73,$C$49:$G$49)<0,0,_xlfn.FORECAST.LINEAR(J$49,$C73:$G73,$C$49:$G$49)),0) -> 14920992
B74: Tajikistan | C74: 1200408.6 | D74: 802811.1 | E74: 727826.95 | H74: =IFERROR(IF(_xlfn.FORECAST.LINEAR(H$49,$C74:$G74,$C$49:$G$49)<0,0,_xlfn.FORECAST.LINEAR(H$49,$C74:$G74,$C$49:$G$49)),0) -> 0 | I74: =IFERROR(IF(_xlfn.FORECAST.LINEAR(I$49,$C74:$G74,$C$49:$G$49)<0,0,_xlfn.FORECAST.LINEAR(I$49,$C74:$G74,$C$49:$G$49)),0) -> 0 | J74: =IFERROR(IF(_xlfn.FORECAST.LINEAR(J$49,$C74:$G74,$C$49:$G$49)<0,0,_xlfn.FORECAST.LINEAR(J$49,$C74:$G74,$C$49:$G$49)),0) -> 0
B75: Peru | C75: 337217.58 | D75: 173296.2 | E75: 751289.53 | F75: 725688.6 | G75: 532626.61 | H75: =IFERROR(IF(_xlfn.FORECAST.LINEAR(H$49,$C75:$G75,$C$49:$G$49)<0,0,_xlfn.FORECAST.LINEAR(H$49,$C75:$G75,$C$49:$G$49)),0) -> 786986.84 | I75: =IFERROR(IF(_xlfn.FORECAST.LINEAR(I$49,$C75:$G75,$C$49:$G$49)<0,0,_xlfn.FORECAST.LINEAR(I$49,$C75:$G75,$C$49:$G$49)),0) -> 881307.89 | J75: =IFERROR(IF(_xlfn.FORECAST.LINEAR(J$49,$C75:$G75,$C$49:$G$49)<0,0,_xlfn.FORECAST.LINEAR(J$49,$C75:$G75,$C$49:$G$49)),0) -> 975628.94
B76: Haiti | C76: 488834.85 | D76: 610472.06 | E76: 616381.5 | F76: 259471.84 | G76: 243264 | H76: =IFERROR(IF(_xlfn.FORECAST.LINEAR(H$49,$C76:$G76,$C$49:$G$49)<0,0,_xlfn.FORECAST.LINEAR(H$49,$C76:$G76,$C$49:$G$49)),0) -> 191042.28 | I76: =IFERROR(IF(_xlfn.FORECAST.LINEAR(I$49,$C76:$G76,$C$49:$G$49)<0,0,_xlfn.FORECAST.LINEAR(I$49,$C76:$G76,$C$49:$G$49)),0) -> 106828.08 | J76: =IFERROR(IF(_xlfn.FORECAST.LINEAR(J$49,$C76:$G76,$C$49:$G$49)<0,0,_xlfn.FORECAST.LINEAR(J$49,$C76:$G76,$C$49:$G$49)),0) -> 22613.892
B77: Colombia | C77: 53403 | D77: 575487.99 | E77: 744307.37 | G77: 583695 | H77: =IFERROR(IF(_xlfn.FORECAST.LINEAR(H$49,$C77:$G77,$C$49:$G$49)<0,0,_xlfn.FORECAST.LINEAR(H$49,$C77:$G77,$C$49:$G$49)),0) -> 851113.38 | I77: =IFERROR(IF(_xlfn.FORECAST.LINEAR(I$49,$C77:$G77,$C$49:$G$49)<0,0,_xlfn.FORECAST.LINEAR(I$49,$C77:$G77,$C$49:$G$49)),0) -> 962464.17 | J77: =IFERROR(IF(_xlfn.FORECAST.LINEAR(J$49,$C77:$G77,$C$49:$G$49)<0,0,_xlfn.FORECAST.LINEAR(J$49,$C77:$G77,$C$49:$G$49)),0) -> 1073814.9
B78: Kyrgyzstan | C78: 504383.67 | D78: 533439.9 | E78: 289298.1 | F78: 360391.5 | H78: =IFERROR(IF(_xlfn.FORECAST.LINEAR(H$49,$C78:$G78,$C$49:$G$49)<0,0,_xlfn.FORECAST.LINEAR(H$49,$C78:$G78,$C$49:$G$49)),0) -> 185236.88 | I78: =IFERROR(IF(_xlfn.FORECAST.LINEAR(I$49,$C78:$G78,$C$49:$G$49)<0,0,_xlfn.FORECAST.LINEAR(I$49,$C78:$G78,$C$49:$G$49)),0) -> 117625.05 | J78: =IFERROR(IF(_xlfn.FORECAST.LINEAR(J$49,$C78:$G78,$C$49:$G$49)<0,0,_xlfn.FORECAST.LINEAR(J$49,$C78:$G78,$C$49:$G$49)),0) -> 50013.222
B79: Nigeria | C79: 202057.8 | D79: 90763.68 | E79: 147 | F79: 309372 | G79: 1033146.7 | H79: =IFERROR(IF(_xlfn.FORECAST.LINEAR(H$49,$C79:$G79,$C$49:$G$49)<0,0,_xlfn.FORECAST.LINEAR(H$49,$C79:$G79,$C$49:$G$49)),0) -> 891333.24 | I79: =IFERROR(IF(_xlfn.FORECAST.LINEAR(I$49,$C79:$G79,$C$49:$G$49)<0,0,_xlfn.FORECAST.LINEAR(I$49,$C79:$G79,$C$49:$G$49)),0) -> 1079411.8 | J79: =IFERROR(IF(_xlfn.FORECAST.LINEAR(J$49,$C79:$G79,$C$49:$G$49)<0,0,_xlfn.FORECAST.LINEAR(J$49,$C79:$G79,$C$49:$G$49)),0) -> 1267490.4
B80: Trinidad and Tobago | C80: 439204.33 | D80: 419699.83 | E80: 123.984 | F80: 316711.5 | G80: 302435.28 | H80: =IFERROR(IF(_xlfn.FORECAST.LINEAR(H$49,$C80:$G80,$C$49:$G$49)<0,0,_xlfn.FORECAST.LINEAR(H$49,$C80:$G80,$C$49:$G$49)),0) -> 182677.06 | I80: =IFERROR(IF(_xlfn.FORECAST.LINEAR(I$49,$C80:$G80,$C$49:$G$49)<0,0,_xlfn.FORECAST.LINEAR(I$49,$C80:$G80,$C$49:$G$49)),0) -> 145024.41 | J80: =IFERROR(IF(_xlfn.FORECAST.LINEAR(J$49,$C80:$G80,$C$49:$G$49)<0,0,_xlfn.FORECAST.LINEAR(J$49,$C80:$G80,$C$49:$G$49)),0) -> 107371.77
B81: Belarus | C81: 664916.7 | D81: 514044.26 | E81: 242260.2 | H81: =IFERROR(IF(_xlfn.FORECAST.LINEAR(H$49,$C81:$G81,$C$49:$G$49)<0,0,_xlfn.FORECAST.LINEAR(H$49,$C81:$G81,$C$49:$G$49)),0) -> 0 | I81: =IFERROR(IF(_xlfn.FORECAST.LINEAR(I$49,$C81:$G81,$C$49:$G$49)<0,0,_xlfn.FORECAST.LINEAR(I$49,$C81:$G81,$C$49:$G$49)),0) -> 0 | J81: =IFERROR(IF(_xlfn.FORECAST.LINEAR(J$49,$C81:$G81,$C$49:$G$49)<0,0,_xlfn.FORECAST.LINEAR(J$49,$C81:$G81,$C$49:$G$49)),0) -> 0
B82: Guinea-Bissau | F82: 699363 | G82: 577857 | H82: =IFERROR(IF(_xlfn.FORECAST.LINEAR(H$49,$C82:$G82,$C$49:$G$49)<0,0,_xlfn.FORECAST.LINEAR(H$49,$C82:$G82,$C$49:$G$49)),0) -> 456351 | I82: =IFERROR(IF(_xlfn.FORECAST.LINEAR(I$49,$C82:$G82,$C$49:$G$49)<0,0,_xlfn.FORECAST.LINEAR(I$49,$C82:$G82,$C$49:$G$49)),0) -> 334845 | J82: =IFERROR(IF(_xlfn.FORECAST.LINEAR(J$49,$C82:$G82,$C$49:$G$49)<0,0,_xlfn.FORECAST.LINEAR(J$49,$C82:$G82,$C$49:$G$49)),0) -> 213339
B83: Canada | C83: 259911.33 | D83: 211752.74 | E83: 204906.45 | F83: 172431 | G83: 398635.99 | H83: =IFERROR(IF(_xlfn.FORECAST.LINEAR(H$49,$C83:$G83,$C$49:$G$49)<0,0,_xlfn.FORECAST.LINEAR(H$49,$C83:$G83,$C$49:$G$49)),0) -> 320965.77 | I83: =IFERROR(IF(_xlfn.FORECAST.LINEAR(I$49,$C83:$G83,$C$49:$G$49)<0,0,_xlfn.FORECAST.LINEAR(I$49,$C83:$G83,$C$49:$G$49)),0) -> 344778.53 | J83: =IFERROR(IF(_xlfn.FORECAST.LINEAR(J$49,$C83:$G83,$C$49:$G$49)<0,0,_xlfn.FORECAST.LINEAR(J$49,$C83:$G83,$C$49:$G$49)),0) -> 368591.29
B84: Yemen | D84: 147142.8 | E84: 1076746 | F84: -840 | H84: =IFERROR(IF(_xlfn.FORECAST.LINEAR(H$49,$C84:$G84,$C$49:$G$49)<0,0,_xlfn.FORECAST.LINEAR(H$49,$C84:$G84,$C$49:$G$49)),0) -> 185708.74 | I84: =IFERROR(IF(_xlfn.FORECAST.LINEAR(I$49,$C84:$G84,$C$49:$G$49)<0,0,_xlfn.FORECAST.LINEAR(I$49,$C84:$G84,$C$49:$G$49)),0) -> 111717.34 | J84: =IFERROR(IF(_xlfn.FORECAST.LINEAR(J$49,$C84:$G84,$C$49:$G$49)<0,0,_xlfn.FORECAST.LINEAR(J$49,$C84:$G84,$C$49:$G$49)),0) -> 37725.94
B85: France | C85: 32724.006 | D85: 61421.262 | E85: 223938.25 | F85: 185700.9 | G85: 618679.91 | H85: =IFERROR(IF(_xlfn.FORECAST.LINEAR(H$49,$C85:$G85,$C$49:$G$49)<0,0,_xlfn.FORECAST.LINEAR(H$49,$C85:$G85,$C$49:$G$49)),0) -> 613350.3 | I85: =IFERROR(IF(_xlfn.FORECAST.LINEAR(I$49,$C85:$G85,$C$49:$G$49)<0,0,_xlfn.FORECAST.LINEAR(I$49,$C85:$G85,$C$49:$G$49)),0) -> 742969.44 | J85: =IFERROR(IF(_xlfn.FORECAST.LINEAR(J$49,$C85:$G85,$C$49:$G$49)<0,0,_xlfn.FORECAST.LINEAR(J$49,$C85:$G85,$C$49:$G$49)),0) -> 872588.59
B86: South Korea | C86: 215146.76 | D86: 217658.15 | E86: 146173.78 | F86: 136150.01 | G86: 318996.17 | H86: =IFERROR(IF(_xlfn.FORECAST.LINEAR(H$49,$C86:$G86,$C$49:$G$49)<0,0,_xlfn.FORECAST.LINEAR(H$49,$C86:$G86,$C$49:$G$49)),0) -> 244682.18 | I86: =IFERROR(IF(_xlfn.FORECAST.LINEAR(I$49,$C86:$G86,$C$49:$G$49)<0,0,_xlfn.FORECAST.LINEAR(I$49,$C86:$G86,$C$49:$G$49)),0) -> 257301.25 | J86: =IFERROR(IF(_xlfn.FORECAST.LINEAR(J$49,$C86:$G86,$C$49:$G$49)<0,0,_xlfn.FORECAST.LINEAR(J$49,$C86:$G86,$C$49:$G$49)),0) -> 269920.32
B87: Spain | D87: 40488 | E87: 99369.9 | F87: 304966.2 | G87: 526984.5 | H87: =IFERROR(IF(_xlfn.FORECAST.LINEAR(H$49,$C87:$G87,$C$49:$G$49)<0,0,_xlfn.FORECAST.LINEAR(H$49,$C87:$G87,$C$49:$G$49)),0) -> 659223.6 | I87: =IFERROR(IF(_xlfn.FORECAST.LINEAR(I$49,$C87:$G87,$C$49:$G$49)<0,0,_xlfn.FORECAST.LINEAR(I$49,$C87:$G87,$C$49:$G$49)),0) -> 825732.18 | J87: =IFERROR(IF(_xlfn.FORECAST.LINEAR(J$49,$C87:$G87,$C$49:$G$49)<0,0,_xlfn.FORECAST.LINEAR(J$49,$C87:$G87,$C$49:$G$49)),0) -> 992240.76
B88: Nicaragua | C88: 6552 | E88: 75264 | F88: 174657 | G88: 481429.2 | H88: =IFERROR(IF(_xlfn.FORECAST.LINEAR(H$49,$C88:$G88,$C$49:$G$49)<0,0,_xlfn.FORECAST.LINEAR(H$49,$C88:$G88,$C$49:$G$49)),0) -> 479883.96 | I88: =IFERROR(IF(_xlfn.FORECAST.LINEAR(I$49,$C88:$G88,$C$49:$G$49)<0,0,_xlfn.FORECAST.LINEAR(I$49,$C88:$G88,$C$49:$G$49)),0) -> 587305.2 | J88: =IFERROR(IF(_xlfn.FORECAST.LINEAR(J$49,$C88:$G88,$C$49:$G$49)<0,0,_xlfn.FORECAST.LINEAR(J$49,$C88:$G88,$C$49:$G$49)),0) -> 694726.44
B89: Zimbabwe | D89: 13908.3 | E89: 34320.3 | F89: 204941.1 | G89: 399743.4 | H89: =IFERROR(IF(_xlfn.FORECAST.LINEAR(H$49,$C89:$G89,$C$49:$G$49)<0,0,_xlfn.FORECAST.LINEAR(H$49,$C89:$G89,$C$49:$G$49)),0) -> 495259.8 | I89: =IFERROR(IF(_xlfn.FORECAST.LINEAR(I$49,$C89:$G89,$C$49:$G$49)<0,0,_xlfn.FORECAST.LINEAR(I$49,$C89:$G89,$C$49:$G$49)),0) -> 628072.41 | J89: =IFERROR(IF(_xlfn.FORECAST.LINEAR(J$49,$C89:$G89,$C$49:$G$49)<0,0,_xlfn.FORECAST.LINEAR(J$49,$C89:$G89,$C$49:$G$49)),0) -> 760885.02
B90: Guadeloupe | D90: 23362.5 | E90: 32552.1 | F90: 221949 | G90: 344761.2 | H90: =IFERROR(IF(_xlfn.FORECAST.LINEAR(H$49,$C90:$G90,$C$49:$G$49)<0,0,_xlfn.FORECAST.LINEAR(H$49,$C90:$G90,$C$49:$G$49)),0) -> 444054.45 | I90: =IFERROR(IF(_xlfn.FORECAST.LINEAR(I$49,$C90:$G90,$C$49:$G$49)<0,0,_xlfn.FORECAST.LINEAR(I$49,$C90:$G90,$C$49:$G$49)),0) -> 559413.75 | J90: =IFERROR(IF(_xlfn.FORECAST.LINEAR(J$49,$C90:$G90,$C$49:$G$49)<0,0,_xlfn.FORECAST.LINEAR(J$49,$C90:$G90,$C$49:$G$49)),0) -> 674773.05
B91: Vietnam | C91: 455505.37 | D91: 17900.316 | E91: 2557.8 | G91: 9231.6 | H91: =IFERROR(IF(_xlfn.FORECAST.LINEAR(H$49,$C91:$G91,$C$49:$G$49)<0,0,_xlfn.FORECAST.LINEAR(H$49,$C91:$G91,$C$49:$G$49)),0) -> 0 | I91: =IFERROR(IF(_xlfn.FORECAST.LINEAR(I$49,$C91:$G91,$C$49:$G$49)<0,0,_xlfn.FORECAST.LINEAR(I$49,$C91:$G91,$C$49:$G$49)),0) -> 0 | J91: =IFERROR(IF(_xlfn.FORECAST.LINEAR(J$49,$C91:$G91,$C$49:$G$49)<0,0,_xlfn.FORECAST.LINEAR(J$49,$C91:$G91,$C$49:$G$49)),0) -> 0
B92: South Africa | C92: 63100.8 | D92: 53932.2 | E92: 107625.21 | F92: 85085.28 | G92: 86325.12 | H92: =IFERROR(IF(_xlfn.FORECAST.LINEAR(H$49,$C92:$G92,$C$49:$G$49)<0,0,_xlfn.FORECAST.LINEAR(H$49,$C92:$G92,$C$49:$G$49)),0) -> 102494.24 | I92: =IFERROR(IF(_xlfn.FORECAST.LINEAR(I$49,$C92:$G92,$C$49:$G$49)<0,0,_xlfn.FORECAST.LINEAR(I$49,$C92:$G92,$C$49:$G$49)),0) -> 110254.41 | J92: =IFERROR(IF(_xlfn.FORECAST.LINEAR(J$49,$C92:$G92,$C$49:$G$49)<0,0,_xlfn.FORECAST.LINEAR(J$49,$C92:$G92,$C$49:$G$49)),0) -> 118014.58
B93: Azerbaijan | E93: 281946 | F93: 69958.14 | G93: 147 | H93: =IFERROR(IF(_xlfn.FORECAST.LINEAR(H$49,$C93:$G93,$C$49:$G$49)<0,0,_xlfn.FORECAST.LINEAR(H$49,$C93:$G93,$C$49:$G$49)),0) -> 0 | I93: =IFERROR(IF(_xlfn.FORECAST.LINEAR(I$49,$C93:$G93,$C$49:$G$49)<0,0,_xlfn.FORECAST.LINEAR(I$49,$C93:$G93,$C$49:$G$49)),0) -> 0 | J93: =IFERROR(IF(_xlfn.FORECAST.LINEAR(J$49,$C93:$G93,$C$49:$G$49)<0,0,_xlfn.FORECAST.LINEAR(J$49,$C93:$G93,$C$49:$G$49)),0) -> 0
B94: Democratic Republic of the Congo | C94: 18900 | D94: 75600 | E94: 255053.02 | F94: 0 | H94: =IFERROR(IF(_xlfn.FORECAST.LINEAR(H$49,$C94:$G94,$C$49:$G$49)<0,0,_xlfn.FORECAST.LINEAR(H$49,$C94:$G94,$C$49:$G$49)),0) -> 130351.81 | I94: =IFERROR(IF(_xlfn.FORECAST.LINEAR(I$49,$C94:$G94,$C$49:$G$49)<0,0,_xlfn.FORECAST.LINEAR(I$49,$C94:$G94,$C$49:$G$49)),0) -> 142627.12 | J94: =IFERROR(IF(_xlfn.FORECAST.LINEAR(J$49,$C94:$G94,$C$49:$G$49)<0,0,_xlfn.FORECAST.LINEAR(J$49,$C94:$G94,$C$49:$G$49)),0) -> 154902.42
B95: Panama | D95: 5157.894 | E95: 320425.01 | H95: =IFERROR(IF(_xlfn.FORECAST.LINEAR(H$49,$C95:$G95,$C$49:$G$49)<0,0,_xlfn.FORECAST.LINEAR(H$49,$C95:$G95,$C$49:$G$49)),0) -> 1266226.4 | I95: =IFERROR(IF(_xlfn.FORECAST.LINEAR(I$49,$C95:$G95,$C$49:$G$49)<0,0,_xlfn.FORECAST.LINEAR(I$49,$C95:$G95,$C$49:$G$49)),0) -> 1581493.5 | J95: =IFERROR(IF(_xlfn.FORECAST.LINEAR(J$49,$C95:$G95,$C$49:$G$49)<0,0,_xlfn.FORECAST.LINEAR(J$49,$C95:$G95,$C$49:$G$49)),0) -> 1896760.6
B96: Luxembourg | C96: 4047.456 | D96: 32667.012 | E96: 93361.044 | F96: 202421.39 | G96: -14104.566 | H96: =IFERROR(IF(_xlfn.FORECAST.LINEAR(H$49,$C96:$G96,$C$49:$G$49)<0,0,_xlfn.FORECAST.LINEAR(H$49,$C96:$G96,$C$49:$G$49)),0) -> 103713.57 | I96: =IFERROR(IF(_xlfn.FORECAST.LINEAR(I$49,$C96:$G96,$C$49:$G$49)<0,0,_xlfn.FORECAST.LINEAR(I$49,$C96:$G96,$C$49:$G$49)),0) -> 117058.6 | J96: =IFERROR(IF(_xlfn.FORECAST.LINEAR(J$49,$C96:$G96,$C$49:$G$49)<0,0,_xlfn.FORECAST.LINEAR(J$49,$C96:$G96,$C$49:$G$49)),0) -> 130403.64
B97: Ukraine | C97: 101772.3 | D97: 102983.24 | E97: 48977.166 | G97: 25038.636 | H97: =IFERROR(IF(_xlfn.FORECAST.LINEAR(H$49,$C97:$G97,$C$49:$G$49)<0,0,_xlfn.FORECAST.LINEAR(H$49,$C97:$G97,$C$49:$G$49)),0) -> 325.6776 | I97: =IFERROR(IF(_xlfn.FORECAST.LINEAR(I$49,$C97:$G97,$C$49:$G$49)<0,0,_xlfn.FORECAST.LINEAR(I$49,$C97:$G97,$C$49:$G$49)),0) -> 0 | J97: =IFERROR(IF(_xlfn.FORECAST.LINEAR(J$49,$C97:$G97,$C$49:$G$49)<0,0,_xlfn.FORECAST.LINEAR(J$49,$C97:$G97,$C$49:$G$49)),0) -> 0
B98: Mongolia | C98: 225029.28 | D98: 84157.5 | E98: -70245.168 | G98: 15170.988 | H98: =IFERROR(IF(_xlfn.FORECAST.LINEAR(H$49,$C98:$G98,$C$49:$G$49)<0,0,_xlfn.FORECAST.LINEAR(H$49,$C98:$G98,$C$49:$G$49)),0) -> 0 | I98: =IFERROR(IF(_xlfn.FORECAST.LINEAR(I$49,$C98:$G98,$C$49:$G$49)<0,0,_xlfn.FORECAST.LINEAR(I$49,$C98:$G98,$C$49:$G$49)),0) -> 0 | J98: =IFERROR(IF(_xlfn.FORECAST.LINEAR(J$49,$C98:$G98,$C$49:$G$49)<0,0,_xlfn.FORECAST.LINEAR(J$49,$C98:$G98,$C$49:$G$49)),0) -> 0
B99: Thailand | C99: -17321.052 | D99: 23018.436 | E99: 14477.4 | F99: 58886.1 | G99: 156330.3 | H99: =IFERROR(IF(_xlfn.FORECAST.LINEAR(H$49,$C99:$G99,$C$49:$G$49)<0,0,_xlfn.FORECAST.LINEAR(H$49,$C99:$G99,$C$49:$G$49)),0) -> 162029.35 | I99: =IFERROR(IF(_xlfn.FORECAST.LINEAR(I$49,$C99:$G99,$C$49:$G$49)<0,0,_xlfn.FORECAST.LINEAR(I$49,$C99:$G99,$C$49:$G$49)),0) -> 200346.38 | J99: =IFERROR(IF(_xlfn.FORECAST.LINEAR(J$49,$C99:$G99,$C$49:$G$49)<0,0,_xlfn.FORECAST.LINEAR(J$49,$C99:$G99,$C$49:$G$49)),0) -> 238663.42
B100: Bosnia and Herzegovina | D100: 3729.6 | E100: 9164.4 | F100: 161575.68 | G100: 40177.2 | H100: =IFERROR(IF(_xlfn.FORECAST.LINEAR(H$49,$C100:$G100,$C$49:$G$49)<0,0,_xlfn.FORECAST.LINEAR(H$49,$C100:$G100,$C$49:$G$49)),0) -> 119100.24 | I100: =IFERROR(IF(_xlfn.FORECAST.LINEAR(I$49,$C100:$G100,$C$49:$G$49)<0,0,_xlfn.FORECAST.LINEAR(I$49,$C100:$G100,$C$49:$G$49)),0) -> 145275.65 | J100: =IFERROR(IF(_xlfn.FORECAST.LINEAR(J$49,$C100:$G100,$C$49:$G$49)<0,0,_xlfn.FORECAST.LINEAR(J$49,$C100:$G100,$C$49:$G$49)),0) -> 171451.06
B101: Iran | C101: 5091.786 | D101: 147 | E101: 60959.472 | F101: 92547 | G101: 54549.6 | H101: =IFERROR(IF(_xlfn.FORECAST.LINEAR(H$49,$C101:$G101,$C$49:$G$49)<0,0,_xlfn.FORECAST.LINEAR(H$49,$C101:$G101,$C$49:$G$49)),0) -> 100053.66 | I101: =IFERROR(IF(_xlfn.FORECAST.LINEAR(I$49,$C101:$G101,$C$49:$G$49)<0,0,_xlfn.FORECAST.LINEAR(I$49,$C101:$G101,$C$49:$G$49)),0) -> 119185.22 | J101: =IFERROR(IF(_xlfn.FORECAST.LINEAR(J$49,$C101:$G101,$C$49:$G$49)<0,0,_xlfn.FORECAST.LINEAR(J$49,$C101:$G101,$C$49:$G$49)),0) -> 138316.79
B102: Honduras | C102: 10990.14 | D102: 68216.442 | E102: 127975.64 | F102: -7662.732 | H102: =IFERROR(IF(_xlfn.FORECAST.LINEAR(H$49,$C102:$G102,$C$49:$G$49)<0,0,_xlfn.FORECAST.LINEAR(H$49,$C102:$G102,$C$49:$G$49)),0) -> 51210.075 | I102: =IFERROR(IF(_xlfn.FORECAST.LINEAR(I$49,$C102:$G102,$C$49:$G$49)<0,0,_xlfn.FORECAST.LINEAR(I$49,$C102:$G102,$C$49:$G$49)),0) -> 51590.133 | J102: =IFERROR(IF(_xlfn.FORECAST.LINEAR(J$49,$C102:$G102,$C$49:$G$49)<0,0,_xlfn.FORECAST.LINEAR(J$49,$C102:$G102,$C$49:$G$49)),0) -> 51970.191
B103: Serbia | C103: 1217.958 | D103: 59841.432 | E103: 36133.272 | F103: 20740.104 | G103: 53538.618 | H103: =IFERROR(IF(_xlfn.FORECAST.LINEAR(H$49,$C103:$G103,$C$49:$G$49)<0,0,_xlfn.FORECAST.LINEAR(H$49,$C103:$G103,$C$49:$G$49)),0) -> 53956.274 | I103: =IFERROR(IF(_xlfn.FORECAST.LINEAR(I$49,$C103:$G103,$C$49:$G$49)<0,0,_xlfn.FORECAST.LINEAR(I$49,$C103:$G103,$C$49:$G$49)),0) -> 60510.274 | J103: =IFERROR(IF(_xlfn.FORECAST.LINEAR(J$49,$C103:$G103,$C$49:$G$49)<0,0,_xlfn.FORECAST.LINEAR(J$49,$C103:$G103,$C$49:$G$49)),0) -> 67064.273
B104: Kazakhstan | C104: 63604.17 | D104: 65122.68 | F104: 39153.324 | H104: =IFERROR(IF(_xlfn.FORECAST.LINEAR(H$49,$C104:$G104,$C$49:$G$49)<0,0,_xlfn.FORECAST.LINEAR(H$49,$C104:$G104,$C$49:$G$49)),0) -> 23543.388 | I104: =IFERROR(IF(_xlfn.FORECAST.LINEAR(I$49,$C104:$G104,$C$49:$G$49)<0,0,_xlfn.FORECAST.LINEAR(I$49,$C104:$G104,$C$49:$G$49)),0) -> 14702.478 | J104: =IFERROR(IF(_xlfn.FORECAST.LINEAR(J$49,$C104:$G104,$C$49:$G$49)<0,0,_xlfn.FORECAST.LINEAR(J$49,$C104:$G104,$C$49:$G$49)),0) -> 5861.568
B105: Jamaica | C105: 3172.47 | E105: 21545.916 | F105: 128845.5 | G105: 0 | H105: =IFERROR(IF(_xlfn.FORECAST.LINEAR(H$49,$C105:$G105,$C$49:$G$49)<0,0,_xlfn.FORECAST.LINEAR(H$49,$C105:$G105,$C$49:$G$49)),0) -> 64825.414 | I105: =IFERROR(IF(_xlfn.FORECAST.LINEAR(I$49,$C105:$G105,$C$49:$G$49)<0,0,_xlfn.FORECAST.LINEAR(I$49,$C105:$G105,$C$49:$G$49)),0) -> 74437.938 | J105: =IFERROR(IF(_xlfn.FORECAST.LINEAR(J$49,$C105:$G105,$C$49:$G$49)<0,0,_xlfn.FORECAST.LINEAR(J$49,$C105:$G105,$C$49:$G$49)),0) -> 84050.462
B106: Senegal | G106: 119828.81 | H106: =IFERROR(IF(_xlfn.FORECAST.LINEAR(H$49,$C106:$G106,$C$49:$G$49)<0,0,_xlfn.FORECAST.LINEAR(H$49,$C106:$G106,$C$49:$G$49)),0) -> 0 | I106: =IFERROR(IF(_xlfn.FORECAST.LINEAR(I$49,$C106:$G106,$C$49:$G$49)<0,0,_xlfn.FORECAST.LINEAR(I$49,$C106:$G106,$C$49:$G$49)),0) -> 0 | J106: =IFERROR(IF(_xlfn.FORECAST.LINEAR(J$49,$C106:$G106,$C$49:$G$49)<0,0,_xlfn.FORECAST.LINEAR(J$49,$C106:$G106,$C$49:$G$49)),0) -> 0
B107: Slovenia | C107: 3730.65 | D107: 110556.68 | E107: 147 | F107: 147 | G107: 147 | H107: =IFERROR(IF(_xlfn.FORECAST.LINEAR(H$49,$C107:$G107,$C$49:$G$49)<0,0,_xlfn.FORECAST.LINEAR(H$49,$C107:$G107,$C$49:$G$49)),0) -> 0 | I107: =IFERROR(IF(_xlfn.FORECAST.LINEAR(I$49,$C107:$G107,$C$49:$G$49)<0,0,_xlfn.FORECAST.LINEAR(I$49,$C107:$G107,$C$49:$G$49)),0) -> 0 | J107: =IFERROR(IF(_xlfn.FORECAST.LINEAR(J$49,$C107:$G107,$C$49:$G$49)<0,0,_xlfn.FORECAST.LINEAR(J$49,$C107:$G107,$C$49:$G$49)),0) -> 0
B108: Angola | C108: 89460 | H108: =IFERROR(IF(_xlfn.FORECAST.LINEAR(H$49,$C108:$G108,$C$49:$G$49)<0,0,_xlfn.FORECAST.LINEAR(H$49,$C108:$G108,$C$49:$G$49)),0) -> 0 | I108: =IFERROR(IF(_xlfn.FORECAST.LINEAR(I$49,$C108:$G108,$C$49:$G$49)<0,0,_xlfn.FORECAST.LINEAR(I$49,$C108:$G108,$C$49:$G$49)),0) -> 0 | J108: =IFERROR(IF(_xlfn.FORECAST.LINEAR(J$49,$C108:$G108,$C$49:$G$49)<0,0,_xlfn.FORECAST.LINEAR(J$49,$C108:$G108,$C$49:$G$49)),0) -> 0
B109: Macedonia | D109: 52.584 | E109: 63 | F109: 89145 | G109: 63 | H109: =IFERROR(IF(_xlfn.FORECAST.LINEAR(H$49,$C109:$G109,$C$49:$G$49)<0,0,_xlfn.FORECAST.LINEAR(H$49,$C109:$G109,$C$49:$G$49)),0) -> 44609.208 | I109: =IFERROR(IF(_xlfn.FORECAST.LINEAR(I$49,$C109:$G109,$C$49:$G$49)<0,0,_xlfn.FORECAST.LINEAR(I$49,$C109:$G109,$C$49:$G$49)),0) -> 53520.533 | J109: =IFERROR(IF(_xlfn.FORECAST.LINEAR(J$49,$C109:$G109,$C$49:$G$49)<0,0,_xlfn.FORECAST.LINEAR(J$49,$C109:$G109,$C$49:$G$49)),0) -> 62431.858
B110: Moldova | E110: 2935.8 | G110: 82817.7 | H110: =IFERROR(IF(_xlfn.FORECAST.LINEAR(H$49,$C110:$G110,$C$49:$G$49)<0,0,_xlfn.FORECAST.LINEAR(H$49,$C110:$G110,$C$49:$G$49)),0) -> 122758.65 | I110: =IFERROR(IF(_xlfn.FORECAST.LINEAR(I$49,$C110:$G110,$C$49:$G$49)<0,0,_xlfn.FORECAST.LINEAR(I$49,$C110:$G110,$C$49:$G$49)),0) -> 162699.6 | J110: =IFERROR(IF(_xlfn.FORECAST.LINEAR(J$49,$C110:$G110,$C$49:$G$49)<0,0,_xlfn.FORECAST.LINEAR(J$49,$C110:$G110,$C$49:$G$49)),0) -> 202640.55
B111: Guatemala | D111: 49161 | E111: 4195.8 | G111: 29067.276 | H111: =IFERROR(IF(_xlfn.FORECAST.LINEAR(H$49,$C111:$G111,$C$49:$G$49)<0,0,_xlfn.FORECAST.LINEAR(H$49,$C111:$G111,$C$49:$G$49)),0) -> 16902.612 | I111: =IFERROR(IF(_xlfn.FORECAST.LINEAR(I$49,$C111:$G111,$C$49:$G$49)<0,0,_xlfn.FORECAST.LINEAR(I$49,$C111:$G111,$C$49:$G$49)),0) -> 12938.082 | J111: =IFERROR(IF(_xlfn.FORECAST.LINEAR(J$49,$C111:$G111,$C$49:$G$49)<0,0,_xlfn.FORECAST.LINEAR(J$49,$C111:$G111,$C$49:$G$49)),0) -> 8973.552
B112: Greece | D112: 3553.2 | E112: 78036.252 | H112: =IFERROR(IF(_xlfn.FORECAST.LINEAR(H$49,$C112:$G112,$C$49:$G$49)<0,0,_xlfn.FORECAST.LINEAR(H$49,$C112:$G112,$C$49:$G$49)),0) -> 301485.41 | I112: =IFERROR(IF(_xlfn.FORECAST.LINEAR(I$49,$C112:$G112,$C$49:$G$49)<0,0,_xlfn.FORECAST.LINEAR(I$49,$C112:$G112,$C$49:$G$49)),0) -> 375968.46 | J112: =IFERROR(IF(_xlfn.FORECAST.LINEAR(J$49,$C112:$G112,$C$49:$G$49)<0,0,_xlfn.FORECAST.LINEAR(J$49,$C112:$G112,$C$49:$G$49)),0) -> 450451.51
B113: Georgia | C113: 34020 | E113: 44352 | H113: =IFERROR(IF(_xlfn.FORECAST.LINEAR(H$49,$C113:$G113,$C$49:$G$49)<0,0,_xlfn.FORECAST.LINEAR(H$49,$C113:$G113,$C$49:$G$49)),0) -> 59850 | I113: =IFERROR(IF(_xlfn.FORECAST.LINEAR(I$49,$C113:$G113,$C$49:$G$49)<0,0,_xlfn.FORECAST.LINEAR(I$49,$C113:$G113,$C$49:$G$49)),0) -> 65016 | J113: =IFERROR(IF(_xlfn.FORECAST.LINEAR(J$49,$C113:$G113,$C$49:$G$49)<0,0,_xlfn.FORECAST.LINEAR(J$49,$C113:$G113,$C$49:$G$49)),0) -> 70182
B114: Tanzania | C114: 8283.576 | E114: 9687.804 | F114: 27423.06 | G114: 21988.932 | H114: =IFERROR(IF(_xlfn.FORECAST.LINEAR(H$49,$C114:$G114,$C$49:$G$49)<0,0,_xlfn.FORECAST.LINEAR(H$49,$C114:$G114,$C$49:$G$49)),0) -> 28784.906 | I114: =IFERROR(IF(_xlfn.FORECAST.LINEAR(I$49,$C114:$G114,$C$49:$G$49)<0,0,_xlfn.FORECAST.LINEAR(I$49,$C114:$G114,$C$49:$G$49)),0) -> 33126.384 | J114: =IFERROR(IF(_xlfn.FORECAST.LINEAR(J$49,$C114:$G114,$C$49:$G$49)<0,0,_xlfn.FORECAST.LINEAR(J$49,$C114:$G114,$C$49:$G$49)),0) -> 37467.862
B115: Netherlands | C115: 1197 | D115: 877.8 | E115: 23253.09 | G115: 37422.126 | H115: =IFERROR(IF(_xlfn.FORECAST.LINEAR(H$49,$C115:$G115,$C$49:$G$49)<0,0,_xlfn.FORECAST.LINEAR(H$49,$C115:$G115,$C$49:$G$49)),0) -> 48098.345 | I115: =IFERROR(IF(_xlfn.FORECAST.LINEAR(I$49,$C115:$G115,$C$49:$G$49)<0,0,_xlfn.FORECAST.LINEAR(I$49,$C115:$G115,$C$49:$G$49)),0) -> 58070.911 | J115: =IFERROR(IF(_xlfn.FORECAST.LINEAR(J$49,$C115:$G115,$C$49:$G$49)<0,0,_xlfn.FORECAST.LINEAR(J$49,$C115:$G115,$C$49:$G$49)),0) -> 68043.478
B116: Cuba | C116: 56700 | H116: =IFERROR(IF(_xlfn.FORECAST.LINEAR(H$49,$C116:$G116,$C$49:$G$49)<0,0,_xlfn.FORECAST.LINEAR(H$49,$C116:$G116,$C$49:$G$49)),0) -> 0 | I116: =IFERROR(IF(_xlfn.FORECAST.LINEAR(I$49,$C116:$G116,$C$49:$G$49)<0,0,_xlfn.FORECAST.LINEAR(I$49,$C116:$G116,$C$49:$G$49)),0) -> 0 | J116: =IFERROR(IF(_xlfn.FORECAST.LINEAR(J$49,$C116:$G116,$C$49:$G$49)<0,0,_xlfn.FORECAST.LINEAR(J$49,$C116:$G116,$C$49:$G$49)),0) -> 0
B117: Lithuania | E117: 55201.272 | H117: =IFERROR(IF(_xlfn.FORECAST.LINEAR(H$49,$C117:$G117,$C$49:$G$49)<0,0,_xlfn.FORECAST.LINEAR(H$49,$C117:$G117,$C$49:$G$49)),0) -> 0 | I117: =IFERROR(IF(_xlfn.FORECAST.LINEAR(I$49,$C117:$G117,$C$49:$G$49)<0,0,_xlfn.FORECAST.LINEAR(I$49,$C117:$G117,$C$49:$G$49)),0) -> 0 | J117: =IFERROR(IF(_xlfn.FORECAST.LINEAR(J$49,$C117:$G117,$C$49:$G$49)<0,0,_xlfn.FORECAST.LINEAR(J$49,$C117:$G117,$C$49:$G$49)),0) -> 0
B118: Albania | C118: 2787.834 | E118: 15284.304 | F118: 3804.36 | G118: 30020.886 | H118: =IFERROR(IF(_xlfn.FORECAST.LINEAR(H$49,$C118:$G118,$C$49:$G$49)<0,0,_xlfn.FORECAST.LINEAR(H$49,$C118:$G118,$C$49:$G$49)),0) -> 27210.269 | I118: =IFERROR(IF(_xlfn.FORECAST.LINEAR(I$49,$C118:$G118,$C$49:$G$49)<0,0,_xlfn.FORECAST.LINEAR(I$49,$C118:$G118,$C$49:$G$49)),0) -> 32386.968 | J118: =IFERROR(IF(_xlfn.FORECAST.LINEAR(J$49,$C118:$G118,$C$49:$G$49)<0,0,_xlfn.FORECAST.LINEAR(J$49,$C118:$G118,$C$49:$G$49)),0) -> 37563.667
B119: Norway | C119: 12806.178 | D119: 10133.508 | E119: 11360.79 | F119: 9986.592 | G119: 6517.224 | H119: =IFERROR(IF(_xlfn.FORECAST.LINEAR(H$49,$C119:$G119,$C$49:$G$49)<0,0,_xlfn.FORECAST.LINEAR(H$49,$C119:$G119,$C$49:$G$49)),0) -> 6343.4112 | I119: =IFERROR(IF(_xlfn.FORECAST.LINEAR(I$49,$C119:$G119,$C$49:$G$49)<0,0,_xlfn.FORECAST.LINEAR(I$49,$C119:$G119,$C$49:$G$49)),0) -> 5070.9288 | J119: =IFERROR(IF(_xlfn.FORECAST.LINEAR(J$49,$C119:$G119,$C$49:$G$49)<0,0,_xlfn.FORECAST.LINEAR(J$49,$C119:$G119,$C$49:$G$49)),0) -> 3798.4464
B120: Uruguay | E120: 32622.702 | F120: 1664.88 | H120: =IFERROR(IF(_xlfn.FORECAST.LINEAR(H$49,$C120:$G120,$C$49:$G$49)<0,0,_xlfn.FORECAST.LINEAR(H$49,$C120:$G120,$C$49:$G$49)),0) -> 0 | I120: =IFERROR(IF(_xlfn.FORECAST.LINEAR(I$49,$C120:$G120,$C$49:$G$49)<0,0,_xlfn.FORECAST.LINEAR(I$49,$C120:$G120,$C$49:$G$49)),0) -> 0 | J120: =IFERROR(IF(_xlfn.FORECAST.LINEAR(J$49,$C120:$G120,$C$49:$G$49)<0,0,_xlfn.FORECAST.LINEAR(J$49,$C120:$G120,$C$49:$G$49)),0) -> 0
B121: Dominican Republic | D121: 2154.6 | F121: 27901.944 | H121: =IFERROR(IF(_xlfn.FORECAST.LINEAR(H$49,$C121:$G121,$C$49:$G$49)<0,0,_xlfn.FORECAST.LINEAR(H$49,$C121:$G121,$C$49:$G$49)),0) -> 53649.288 | I121: =IFERROR(IF(_xlfn.FORECAST.LINEAR(I$49,$C121:$G121,$C$49:$G$49)<0,0,_xlfn.FORECAST.LINEAR(I$49,$C121:$G121,$C$49:$G$49)),0) -> 66522.96 | J121: =IFERROR(IF(_xlfn.FORECAST.LINEAR(J$49,$C121:$G121,$C$49:$G$49)<0,0,_xlfn.FORECAST.LINEAR(J$49,$C121:$G121,$C$49:$G$49)),0) -> 79396.632
B122: Bhutan | E122: 5040 | F122: 12835.326 | G122: 12096 | H122: =IFERROR(IF(_xlfn.FORECAST.LINEAR(H$49,$C122:$G122,$C$49:$G$49)<0,0,_xlfn.FORECAST.LINEAR(H$49,$C122:$G122,$C$49:$G$49)),0) -> 17046.442 | I122: =IFERROR(IF(_xlfn.FORECAST.LINEAR(I$49,$C122:$G122,$C$49:$G$49)<0,0,_xlfn.FORECAST.LINEAR(I$49,$C122:$G122,$C$49:$G$49)),0) -> 20574.442 | J122: =IFERROR(IF(_xlfn.FORECAST.LINEAR(J$49,$C122:$G122,$C$49:$G$49)<0,0,_xlfn.FORECAST.LINEAR(J$49,$C122:$G122,$C$49:$G$49)),0) -> 24102.442
B123: El Salvador | C123: 7670.46 | D123: 14649.558 | E123: 4686.318 | G123: 2478 | H123: =IFERROR(IF(_xlfn.FORECAST.LINEAR(H$49,$C123:$G123,$C$49:$G$49)<0,0,_xlfn.FORECAST.LINEAR(H$49,$C123:$G123,$C$49:$G$49)),0) -> 810.3948 | I123: =IFERROR(IF(_xlfn.FORECAST.LINEAR(I$49,$C123:$G123,$C$49:$G$49)<0,0,_xlfn.FORECAST.LINEAR(I$49,$C123:$G123,$C$49:$G$49)),0) -> 0 | J123: =IFERROR(IF(_xlfn.FORECAST.LINEAR(J$49,$C123:$G123,$C$49:$G$49)<0,0,_xlfn.FORECAST.LINEAR(J$49,$C123:$G123,$C$49:$G$49)),0) -> 0
B124: Bulgaria | E124: 10213.602 | F124: 11206.44 | G124: 2643.06 | H124: =IFERROR(IF(_xlfn.FORECAST.LINEAR(H$49,$C124:$G124,$C$49:$G$49)<0,0,_xlfn.FORECAST.LINEAR(H$49,$C124:$G124,$C$49:$G$49)),0) -> 450.492 | I124: =IFERROR(IF(_xlfn.FORECAST.LINEAR(I$49,$C124:$G124,$C$49:$G$49)<0,0,_xlfn.FORECAST.LINEAR(I$49,$C124:$G124,$C$49:$G$49)),0) -> 0 | J124: =IFERROR(IF(_xlfn.FORECAST.LINEAR(J$49,$C124:$G124,$C$49:$G$49)<0,0,_xlfn.FORECAST.LINEAR(J$49,$C124:$G124,$C$49:$G$49)),0) -> 0
B125: Palestinian Territory | C125: 11495.442 | D125: 9752.4 | E125: 511485.2 | F125: -509687.64 | H125: =IFERROR(IF(_xlfn.FORECAST.LINEAR(H$49,$C125:$G125,$C$49:$G$49)<0,0,_xlfn.FORECAST.LINEAR(H$49,$C125:$G125,$C$49:$G$49)),0) -> 0 | I125: =IFERROR(IF(_xlfn.FORECAST.LINEAR(I$49,$C125:$G125,$C$49:$G$49)<0,0,_xlfn.FORECAST.LINEAR(I$49,$C125:$G125,$C$49:$G$49)),0) -> 0 | J125: =IFERROR(IF(_xlfn.FORECAST.LINEAR(J$49,$C125:$G125,$C$49:$G$49)<0,0,_xlfn.FORECAST.LINEAR(J$49,$C125:$G125,$C$49:$G$49)),0) -> 0
B126: Croatia | C126: 2520 | D126: 4860.786 | E126: 4762.8 | F126: 5040 | G126: 5040 | H126: =IFERROR(IF(_xlfn.FORECAST.LINEAR(H$49,$C126:$G126,$C$49:$G$49)<0,0,_xlfn.FORECAST.LINEAR(H$49,$C126:$G126,$C$49:$G$49)),0) -> 6010.4814 | I126: =IFERROR(IF(_xlfn.FORECAST.LINEAR(I$49,$C126:$G126,$C$49:$G$49)<0,0,_xlfn.FORECAST.LINEAR(I$49,$C126:$G126,$C$49:$G$49)),0) -> 6532.4028 | J126: =IFERROR(IF(_xlfn.FORECAST.LINEAR(J$49,$C126:$G126,$C$49:$G$49)<0,0,_xlfn.FORECAST.LINEAR(J$49,$C126:$G126,$C$49:$G$49)),0) -> 7054.3242
B127: Ethiopia | E127: 21032.256 | H127: =IFERROR(IF(_xlfn.FORECAST.LINEAR(H$49,$C127:$G127,$C$49:$G$49)<0,0,_xlfn.FORECAST.LINEAR(H$49,$C127:$G127,$C$49:$G$49)),0) -> 0 | I127: =IFERROR(IF(_xlfn.FORECAST.LINEAR(I$49,$C127:$G127,$C$49:$G$49)<0,0,_xlfn.FORECAST.LINEAR(I$49,$C127:$G127,$C$49:$G$49)),0) -> 0 | J127: =IFERROR(IF(_xlfn.FORECAST.LINEAR(J$49,$C127:$G127,$C$49:$G$49)<0,0,_xlfn.FORECAST.LINEAR(J$49,$C127:$G127,$C$49:$G$49)),0) -> 0
B128: Gambia | E128: 18055.8 | H128: =IFERROR(IF(_xlfn.FORECAST.LINEAR(H$49,$C128:$G128,$C$49:$G$49)<0,0,_xlfn.FORECAST.LINEAR(H$49,$C128:$G128,$C$49:$G$49)),0) -> 0 | I128: =IFERROR(IF(_xlfn.FORECAST.LINEAR(I$49,$C128:$G128,$C$49:$G$49)<0,0,_xlfn.FORECAST.LINEAR(I$49,$C128:$G128,$C$49:$G$49)),0) -> 0 | J128: =IFERROR(IF(_xlfn.FORECAST.LINEAR(J$49,$C128:$G128,$C$49:$G$49)<0,0,_xlfn.FORECAST.LINEAR(J$49,$C128:$G128,$C$49:$G$49)),0) -> 0
B129: Aland Islands | E129: 15804.558 | H129: =IFERROR(IF(_xlfn.FORECAST.LINEAR(H$49,$C129:$G129,$C$49:$G$49)<0,0,_xlfn.FORECAST.LINEAR(H$49,$C129:$G129,$C$49:$G$49)),0) -> 0 | I129: =IFERROR(IF(_xlfn.FORECAST.LINEAR(I$49,$C129:$G129,$C$49:$G$49)<0,0,_xlfn.FORECAST.LINEAR(I$49,$C129:$G129,$C$49:$G$49)),0) -> 0 | J129: =IFERROR(IF(_xlfn.FORECAST.LINEAR(J$49,$C129:$G129,$C$49:$G$49)<0,0,_xlfn.FORECAST.LINEAR(J$49,$C129:$G129,$C$49:$G$49)),0) -> 0
B130: Ivory Coast | C130: 1597.638 | E130: 8074.122 | G130: 4485.012 | H130: =IFERROR(IF(_xlfn.FORECAST.LINEAR(H$49,$C130:$G130,$C$49:$G$49)<0,0,_xlfn.FORECAST.LINEAR(H$49,$C130:$G130,$C$49:$G$49)),0) -> 6884.4545 | I130: =IFERROR(IF(_xlfn.FORECAST.LINEAR(I$49,$C130:$G130,$C$49:$G$49)<0,0,_xlfn.FORECAST.LINEAR(I$49,$C130:$G130,$C$49:$G$49)),0) -> 7606.298 | J130: =IFERROR(IF(_xlfn.FORECAST.LINEAR(J$49,$C130:$G130,$C$49:$G$49)<0,0,_xlfn.FORECAST.LINEAR(J$49,$C130:$G130,$C$49:$G$49)),0) -> 8328.1415
B131: Sierra Leone | C131: 1683.192 | D131: 10477.614 | E131: 2805.558 | F131: -957.6 | H131: =IFERROR(IF(_xlfn.FORECAST.LINEAR(H$49,$C131:$G131,$C$49:$G$49)<0,0,_xlfn.FORECAST.LINEAR(H$49,$C131:$G131,$C$49:$G$49)),0) -> 0 | I131: =IFERROR(IF(_xlfn.FORECAST.LINEAR(I$49,$C131:$G131,$C$49:$G$49)<0,0,_xlfn.FORECAST.LINEAR(I$49,$C131:$G131,$C$49:$G$49)),0) -> 0 | J131: =IFERROR(IF(_xlfn.FORECAST.LINEAR(J$49,$C131:$G131,$C$49:$G$49)<0,0,_xlfn.FORECAST.LINEAR(J$49,$C131:$G131,$C$49:$G$49)),0) -> 0
B132: Ecuador | D132: 12646.2 | H132: =IFERROR(IF(_xlfn.FORECAST.LINEAR(H$49,$C132:$G132,$C$49:$G$49)<0,0,_xlfn.FORECAST.LINEAR(H$49,$C132:$G132,$C$49:$G$49)),0) -> 0 | I132: =IFERROR(IF(_xlfn.FORECAST.LINEAR(I$49,$C132:$G132,$C$49:$G$49)<0,0,_xlfn.FORECAST.LINEAR(I$49,$C132:$G132,$C$49:$G$49)),0) -> 0 | J132: =IFERROR(IF(_xlfn.FORECAST.LINEAR(J$49,$C132:$G132,$C$49:$G$49)<0,0,_xlfn.FORECAST.LINEAR(J$49,$C132:$G132,$C$49:$G$49)),0) -> 0
B133: Hungary | E133: 11547.69 | G133: 0 | H133: =IFERROR(IF(_xlfn.FORECAST.LINEAR(H$49,$C133:$G133,$C$49:$G$49)<0,0,_xlfn.FORECAST.LINEAR(H$49,$C133:$G133,$C$49:$G$49)),0) -> 0 | I133: =IFERROR(IF(_xlfn.FORECAST.LINEAR(I$49,$C133:$G133,$C$49:$G$49)<0,0,_xlfn.FORECAST.LINEAR(I$49,$C133:$G133,$C$49:$G$49)),0) -> 0 | J133: =IFERROR(IF(_xlfn.FORECAST.LINEAR(J$49,$C133:$G133,$C$49:$G$49)<0,0,_xlfn.FORECAST.LINEAR(J$49,$C133:$G133,$C$49:$G$49)),0) -> 0
...

Sheet Pivots
B2: Sales Aggregation Tables
B3: Magnimetrics
B5: in EUR
B7: Pivot Tables | C7: 2014 | D7: 2015 | E7: 2016 | F7: 2017 | G7: 2018
B9: Sum of Amount | C9: Column Labels
B10: Row Labels | C10: 2014 | D10: 2015 | E10: 2016 | F10: 2017 | G10: 2018
B11: Foreign | C11: 79507281 | D11: 1.1966891e+08 | E11: 1.38051e+08 | F11: 1.1609472e+08 | G11: 1.5722848e+08
B12: Related Parties | C12: 13189489 | D12: 19744025 | E12: 4181509.8 | F12: 4722259.7 | G12: 2640740.8
B13: Grand Total | C13: 92696770 | D13: 1.3941293e+08 | E13: 1.4223251e+08 | F13: 1.2081698e+08 | G13: 1.5986922e+08
B16: Sum of Amount | C16: Column Labels
B17: Row Labels | C17: 2014 | D17: 2015 | E17: 2016 | F17: 2017 | G17: 2018
B18: Air | C18: 50.4 | D18: 8089.494 | E18: 0 | F18: 797.58 | G18: 84.672
B19: Client pick-up | C19: 22033204 | D19: 30099074 | E19: 9967818.6 | F19: 6640488 | G19: 8829152.5
B20: Container | C20: 1240696.4 | D20: 10532115 | E20: 10308059 | F20: 535979.56 | G20: 3576389.8
B21: DHL | D21: 16745.526 | E21: 12851.16 | F21: 32747.4 | G21: 3990.966
B22: Railroad | E22: 20565.72 | F22: 98728.14 | G22: 75365.262
B23: TNT | C23: 25858.728 | D23: 123281.93 | E23: 87541.062 | F23: 9859.206 | G23: 25418.82
B24: Truck | C24: 69389772 | D24: 98627575 | E24: 1.2183806e+08 | F24: 1.1338667e+08 | G24: 1.4722931e+08
B25: UPS | C25: 7188.552 | D25: 6051.78 | E25: -2385.18 | F25: 111713.07 | G25: 129502.55
B26: Grand Total | C26: 92696770 | D26: 1.3941293e+08 | E26: 1.4223251e+08 | F26: 1.2081698e+08 | G26: 1.5986922e+08
B29: Sum of Amount | C29: Column Labels
B30: Row Labels | C30: 2014 | D30: 2015 | E30: 2016 | F30: 2017 | G30: 2018 | J30: 2014 | K30: 2015 | L30: 2016 | M30: 2017 | N30: 2018 | O30: Total
B31: Aland Islands | E31: 15804.558 | I31: China | J31: 17998009 | K31: 28898864 | L31: 20066239 | M31: 13515433 | N31: 16253130 | O31: =SUM(J31:N31) -> 96731675
B32: Albania | C32: 2787.834 | E32: 15284.304 | F32: 3804.36 | G32: 30020.886 | I32: Finland | J32: 16866377 | K32: 20002217 | L32: 18154541 | M32: 20301291 | N32: 13417240 | O32: =SUM(J32:N32) -> 88741666
B33: American Samoa | E33: 147 | I33: Mexico | J33: 16171467 | K33: 20572343 | L33: 13006683 | M33: 10671935 | N33: 14344023 | O33: =SUM(J33:N33) -> 74766450
B34: Angola | C34: 89460 | I34: Brazil | J34: 145270.99 | K34: 3536381.2 | L34: 16034277 | M34: 20793505 | N34: 21901979 | O34: =SUM(J34:N34) -> 62411412
B35: Argentina | C35: 3363545.8 | D35: 6927718.9 | E35: 3359498.3 | F35: 4466675.2 | G35: 1844898.6 | I35: Madagascar | J35: 5700227.4 | K35: 9621657.5 | L35: 10833930 | M35: 8290055.2 | N35: 6941169.1 | O35: =SUM(J35:N35) -> 41387040
B36: Armenia | D36: 2893.8 | I36: Indonesia | J36: 7063267.5 | K36: 8522716.6 | L36: 7274854.4 | M36: 1063449.2 | N36: 15838404 | O36: =SUM(J36:N36) -> 39762692
B37: Australia | C37: 876.456 | I37: Japan | J37: 678728.9 | K37: 1548278.8 | L37: 8264505.7 | M37: 8045382.9 | N37: 7673656.5 | O37: =SUM(J37:N37) -> 26210553
B38: Azerbaijan | E38: 281946 | F38: 69958.14 | G38: 147 | I38: United States | J38: 3206489.7 | K38: 2142231.7 | L38: 13122243 | M38: 3718331.4 | N38: 2867336.5 | O38: =SUM(J38:N38) -> 25056632
B39: Belarus | C39: 664916.7 | D39: 514044.26 | E39: 242260.2 | I39: Malaysia | J39: 435644.16 | K39: 1623657.9 | L39: 2685642.3 | M39: 4288530.7 | N39: 13623870 | O39: =SUM(J39:N39) -> 22657345
B40: Bhutan | E40: 5040 | F40: 12835.326 | G40: 12096 | I40: Portugal | J40: 3515728.6 | K40: 2553686.4 | L40: 3187715.6 | M40: 32806.2 | N40: 11462119 | O40: =SUM(J40:N40) -> 20752056
B41: Bolivia | C41: 1113 | I41: Argentina | J41: 3363545.8 | K41: 6927718.9 | L41: 3359498.3 | M41: 4466675.2 | N41: 1844898.6 | O41: =SUM(J41:N41) -> 19962337
B42: Bosnia and Herzegovina | D42: 3729.6 | E42: 9164.4 | F42: 161575.68 | G42: 40177.2 | I42: Cambodia | J42: 1656860.9 | K42: 2643874.9 | L42: 3910095.6 | M42: 3709304.5 | N42: 4255330.2 | O42: =SUM(J42:N42) -> 16175466
B43: Brazil | C43: 145270.99 | D43: 3536381.2 | E43: 16034277 | F43: 20793505 | G43: 21901979 | I43: Myanmar | J43: 2502203.4 | K43: 11662789 | L43: 1700313 | M43: -615649.61 | N43: 294346.84 | O43: =SUM(J43:N43) -> 15544002
B44: Bulgaria | E44: 10213.602 | F44: 11206.44 | G44: 2643.06 | I44: Philippines | J44: 928782.46 | K44: 3856477.9 | L44: 2796599.5 | M44: 4975862.5 | N44: 2130549 | O44: =SUM(J44:N44) -> 14688271
B45: Cambodia | C45: 1656860.9 | D45: 2643874.9 | E45: 3910095.6 | F45: 3709304.5 | G45: 4255330.2 | I45: Russia | J45: 1209360.6 | K45: 2507027.4 | L45: 728176.89 | M45: 4435974.6 | N45: 3816036.7 | O45: =SUM(J45:N45) -> 12696576
B46: Cameroon | C46: 470.4 | G46: 1675.8 | I46: Sweden | J46: 478117.79 | K46: 296585.52 | L46: 1330789.8 | M46: 2014536.4 | N46: 2716977.9 | O46: =SUM(J46:N46) -> 6837007.4
B47: Canada | C47: 259911.33 | D47: 211752.74 | E47: 204906.45 | F47: 172431 | G47: 398635.99 | I47: Pakistan | J47: 787382.4 | K47: 1977489.1 | L47: 3113376.2 | M47: 730901.22 | N47: 180307.3 | O47: =SUM(J47:N47) -> 6789456.2
B48: Cape Verde | D48: 1339.8 | I48: Czech Republic | J48: 88729.242 | K48: 330124.37 | L48: 2688727.3 | M48: 1017202.2 | N48: 2476586.3 | O48: =SUM(J48:N48) -> 6601369.4
B49: Cayman Islands | E49: 2058 | I49: Poland | J49: 1917844 | K49: 1644738 | L49: 1262009.9 | M49: 824295.65 | N49: 692454.34 | O49: =SUM(J49:N49) -> 6341341.9
B50: Central African Republic | D50: 7513.8 | E50: 479842.1 | F50: 221596.2 | G50: 4409545.4 | I50: Morocco | J50: 2276618.7 | K50: 3272032.7 | L50: 598258.54 | M50: 147 | O50: =SUM(J50:N50) -> 6147057
B51: Chile | D51: 1784.958 | E51: 919.8 | F51: 6066.144 | I51: Central African Republic | K51: 7513.8 | L51: 479842.1 | M51: 221596.2 | N51: 4409545.4 | O51: =SUM(J51:N51) -> 5118497.5
B52: China | C52: 17998009 | D52: 28898864 | E52: 20066239 | F52: 13515433 | G52: 16253130 | I52: Venezuela | J52: 115182.14 | K52: -7408.842 | L52: 25550.28 | M52: 3780 | N52: 3127168 | O52: =SUM(J52:N52) -> 3264271.6
B53: Colombia | C53: 53403 | D53: 575487.99 | E53: 744307.37 | G53: 583695 | I53: Saint Kitts and Nevis | L53: 103794.6 | M53: 706353.9 | N53: 2446573.5 | O53: =SUM(J53:N53) -> 3256722
B54: Croatia | C54: 2520 | D54: 4860.786 | E54: 4762.8 | F54: 5040 | G54: 5040 | I54: Germany | L54: 16955.4 | M54: 2997762.8 | O54: =SUM(J54:N54) -> 3014718.2
B55: Cuba | C55: 56700 | I55: Tajikistan | J55: 1200408.6 | K55: 802811.1 | L55: 727826.95 | O55: =SUM(J55:N55) -> 2731046.6
B56: Czech Republic | C56: 88729.242 | D56: 330124.37 | E56: 2688727.3 | F56: 1017202.2 | G56: 2476586.3 | I56: Peru | J56: 337217.58 | K56: 173296.2 | L56: 751289.53 | M56: 725688.6 | N56: 532626.61 | O56: =SUM(J56:N56) -> 2520118.5
B57: Democratic Republic of the Congo | C57: 18900 | D57: 75600 | E57: 255053.02 | F57: 0 | I57: Haiti | J57: 488834.85 | K57: 610472.06 | L57: 616381.5 | M57: 259471.84 | N57: 243264 | O57: =SUM(J57:N57) -> 2218424.2
B58: Denmark | D58: 2247 | I58: Colombia | J58: 53403 | K58: 575487.99 | L58: 744307.37 | N58: 583695 | O58: =SUM(J58:N58) -> 1956893.4
B59: Dominican Republic | D59: 2154.6 | F59: 27901.944 | I59: Kyrgyzstan | J59: 504383.67 | K59: 533439.9 | L59: 289298.1 | M59: 360391.5 | O59: =SUM(J59:N59) -> 1687513.2
B60: Ecuador | D60: 12646.2 | I60: Nigeria | J60: 202057.8 | K60: 90763.68 | L60: 147 | M60: 309372 | N60: 1033146.7 | O60: =SUM(J60:N60) -> 1635487.1
B61: Egypt | C61: 2478 | G61: 0 | I61: Trinidad and Tobago | J61: 439204.33 | K61: 419699.83 | L61: 123.984 | M61: 316711.5 | N61: 302435.28 | O61: =SUM(J61:N61) -> 1478174.9
B62: El Salvador | C62: 7670.46 | D62: 14649.558 | E62: 4686.318 | G62: 2478 | I62: Belarus | J62: 664916.7 | K62: 514044.26 | L62: 242260.2 | O62: =SUM(J62:N62) -> 1421221.2
B63: Ethiopia | E63: 21032.256 | I63: Guinea-Bissau | M63: 699363 | N63: 577857 | O63: =SUM(J63:N63) -> 1277220
B64: Finland | C64: 16866377 | D64: 20002217 | E64: 18154541 | F64: 20301291 | G64: 13417240 | I64: Canada | J64: 259911.33 | K64: 211752.74 | L64: 204906.45 | M64: 172431 | N64: 398635.99 | O64: =SUM(J64:N64) -> 1247637.5
B65: France | C65: 32724.006 | D65: 61421.262 | E65: 223938.25 | F65: 185700.9 | G65: 618679.91 | I65: Yemen | K65: 147142.8 | L65: 1076746 | M65: -840 | O65: =SUM(J65:N65) -> 1223048.8
B66: French Polynesia | C66: 928.2 | I66: France | J66: 32724.006 | K66: 61421.262 | L66: 223938.25 | M66: 185700.9 | N66: 618679.91 | O66: =SUM(J66:N66) -> 1122464.3
B67: Gambia | E67: 18055.8 | I67: South Korea | J67: 215146.76 | K67: 217658.15 | L67: 146173.78 | M67: 136150.01 | N67: 318996.17 | O67: =SUM(J67:N67) -> 1034124.9
B68: Georgia | C68: 34020 | E68: 44352 | I68: Spain | K68: 40488 | L68: 99369.9 | M68: 304966.2 | N68: 526984.5 | O68: =SUM(J68:N68) -> 971808.6
B69: Germany | E69: 16955.4 | F69: 2997762.8 | I69: Nicaragua | J69: 6552 | L69: 75264 | M69: 174657 | N69: 481429.2 | O69: =SUM(J69:N69) -> 737902.2
B70: Greece | D70: 3553.2 | E70: 78036.252 | I70: Zimbabwe | K70: 13908.3 | L70: 34320.3 | M70: 204941.1 | N70: 399743.4 | O70: =SUM(J70:N70) -> 652913.1
B71: Guadeloupe | D71: 23362.5 | E71: 32552.1 | F71: 221949 | G71: 344761.2 | I71: Guadeloupe | K71: 23362.5 | L71: 32552.1 | M71: 221949 | N71: 344761.2 | O71: =SUM(J71:N71) -> 622624.8
B72: Guatemala | D72: 49161 | E72: 4195.8 | G72: 29067.276 | I72: Vietnam | J72: 455505.37 | K72: 17900.316 | L72: 2557.8 | N72: 9231.6 | O72: =SUM(J72:N72) -> 485195.09
B73: Guinea-Bissau | F73: 699363 | G73: 577857 | I73: South Africa | J73: 63100.8 | K73: 53932.2 | L73: 107625.21 | M73: 85085.28 | N73: 86325.12 | O73: =SUM(J73:N73) -> 396068.61
B74: Haiti | C74: 488834.85 | D74: 610472.06 | E74: 616381.5 | F74: 259471.84 | G74: 243264 | I74: Azerbaijan | L74: 281946 | M74: 69958.14 | N74: 147 | O74: =SUM(J74:N74) -> 352051.14
B75: Honduras | C75: 10990.14 | D75: 68216.442 | E75: 127975.64 | F75: -7662.732 | I75: Democratic Republic of the Congo | J75: 18900 | K75: 75600 | L75: 255053.02 | M75: 0 | O75: =SUM(J75:N75) -> 349553.02
B76: Hungary | E76: 11547.69 | G76: 0 | I76: Panama | K76: 5157.894 | L76: 320425.01 | O76: =SUM(J76:N76) -> 325582.91
B77: Indonesia | C77: 7063267.5 | D77: 8522716.6 | E77: 7274854.4 | F77: 1063449.2 | G77: 15838404 | I77: Luxembourg | J77: 4047.456 | K77: 32667.012 | L77: 93361.044 | M77: 202421.39 | N77: -14104.566 | O77: =SUM(J77:N77) -> 318392.34
B78: Iran | C78: 5091.786 | D78: 147 | E78: 60959.472 | F78: 92547 | G78: 54549.6 | I78: Ukraine | J78: 101772.3 | K78: 102983.24 | L78: 48977.166 | N78: 25038.636 | O78: =SUM(J78:N78) -> 278771.35
B79: Ireland | C79: 1255.758 | E79: 210.168 | F79: 294 | I79: Mongolia | J79: 225029.28 | K79: 84157.5 | L79: -70245.168 | N79: 15170.988 | O79: =SUM(J79:N79) -> 254112.6
B80: Israel | D80: 667.8 | E80: 0 | I80: Thailand | J80: -17321.052 | K80: 23018.436 | L80: 14477.4 | M80: 58886.1 | N80: 156330.3 | O80: =SUM(J80:N80) -> 235391.18
B81: Ivory Coast | C81: 1597.638 | E81: 8074.122 | G81: 4485.012 | I81: Bosnia and Herzegovina | K81: 3729.6 | L81: 9164.4 | M81: 161575.68 | N81: 40177.2 | O81: =SUM(J81:N81) -> 214646.88
B82: Jamaica | C82: 3172.47 | E82: 21545.916 | F82: 128845.5 | G82: 0 | I82: Iran | J82: 5091.786 | K82: 147 | L82: 60959.472 | M82: 92547 | N82: 54549.6 | O82: =SUM(J82:N82) -> 213294.86
B83: Japan | C83: 678728.9 | D83: 1548278.8 | E83: 8264505.7 | F83: 8045382.9 | G83: 7673656.5 | I83: Honduras | J83: 10990.14 | K83: 68216.442 | L83: 127975.64 | M83: -7662.732 | O83: =SUM(J83:N83) -> 199519.49
B84: Jordan | E84: 5914.44 | I84: Serbia | J84: 1217.958 | K84: 59841.432 | L84: 36133.272 | M84: 20740.104 | N84: 53538.618 | O84: =SUM(J84:N84) -> 171471.38
B85: Kazakhstan | C85: 63604.17 | D85: 65122.68 | F85: 39153.324 | I85: Kazakhstan | J85: 63604.17 | K85: 65122.68 | M85: 39153.324 | O85: =SUM(J85:N85) -> 167880.17
B86: Kenya | C86: 1121.4 | G86: 0 | I86: Jamaica | J86: 3172.47 | L86: 21545.916 | M86: 128845.5 | N86: 0 | O86: =SUM(J86:N86) -> 153563.89
B87: Kyrgyzstan | C87: 504383.67 | D87: 533439.9 | E87: 289298.1 | F87: 360391.5 | I87: Senegal | N87: 119828.81 | O87: =SUM(J87:N87) -> 119828.81
B88: Libya | D88: 1260 | E88: 2262.96 | I88: Slovenia | J88: 3730.65 | K88: 110556.68 | L88: 147 | M88: 147 | N88: 147 | O88: =SUM(J88:N88) -> 114728.33
B89: Lithuania | E89: 55201.272 | I89: Angola | J89: 89460 | O89: =SUM(J89:N89) -> 89460
B90: Luxembourg | C90: 4047.456 | D90: 32667.012 | E90: 93361.044 | F90: 202421.39 | G90: -14104.566 | I90: Macedonia | K90: 52.584 | L90: 63 | M90: 89145 | N90: 63 | O90: =SUM(J90:N90) -> 89323.584
B91: Macedonia | D91: 52.584 | E91: 63 | F91: 89145 | G91: 63 | I91: Moldova | L91: 2935.8 | N91: 82817.7 | O91: =SUM(J91:N91) -> 85753.5
B92: Madagascar | C92: 5700227.4 | D92: 9621657.5 | E92: 10833930 | F92: 8290055.2 | G92: 6941169.1 | I92: Guatemala | K92: 49161 | L92: 4195.8 | N92: 29067.276 | O92: =SUM(J92:N92) -> 82424.076
B93: Malaysia | C93: 435644.16 | D93: 1623657.9 | E93: 2685642.3 | F93: 4288530.7 | G93: 13623870 | I93: Greece | K93: 3553.2 | L93: 78036.252 | O93: =SUM(J93:N93) -> 81589.452
B94: Mexico | C94: 16171467 | D94: 20572343 | E94: 13006683 | F94: 10671935 | G94: 14344023 | I94: Georgia | J94: 34020 | L94: 44352 | O94: =SUM(J94:N94) -> 78372
B95: Moldova | E95: 2935.8 | G95: 82817.7 | I95: Tanzania | J95: 8283.576 | L95: 9687.804 | M95: 27423.06 | N95: 21988.932 | O95: =SUM(J95:N95) -> 67383.372
B96: Mongolia | C96: 225029.28 | D96: 84157.5 | E96: -70245.168 | G96: 15170.988 | I96: Netherlands | J96: 1197 | K96: 877.8 | L96: 23253.09 | N96: 37422.126 | O96: =SUM(J96:N96) -> 62750.016
B97: Morocco | C97: 2276618.7 | D97: 3272032.7 | E97: 598258.54 | F97: 147 | I97: Cuba | J97: 56700 | O97: =SUM(J97:N97) -> 56700
B98: Myanmar | C98: 2502203.4 | D98: 11662789 | E98: 1700313 | F98: -615649.61 | G98: 294346.84 | I98: Lithuania | L98: 55201.272 | O98: =SUM(J98:N98) -> 55201.272
B99: Namibia | C99: 3406.2 | I99: Albania | J99: 2787.834 | L99: 15284.304 | M99: 3804.36 | N99: 30020.886 | O99: =SUM(J99:N99) -> 51897.384
B100: Netherlands | C100: 1197 | D100: 877.8 | E100: 23253.09 | G100: 37422.126 | I100: Norway | J100: 12806.178 | K100: 10133.508 | L100: 11360.79 | M100: 9986.592 | N100: 6517.224 | O100: =SUM(J100:N100) -> 50804.292
B101: New Zealand | C101: 5460 | I101: Uruguay | L101: 32622.702 | M101: 1664.88 | O101: =SUM(J101:N101) -> 34287.582
B102: Nicaragua | C102: 6552 | E102: 75264 | F102: 174657 | G102: 481429.2 | I102: Dominican Republic | K102: 2154.6 | M102: 27901.944 | O102: =SUM(J102:N102) -> 30056.544
B103: Nigeria | C103: 202057.8 | D103: 90763.68 | E103: 147 | F103: 309372 | G103: 1033146.7 | I103: Bhutan | L103: 5040 | M103: 12835.326 | N103: 12096 | O103: =SUM(J103:N103) -> 29971.326
B104: Norway | C104: 12806.178 | D104: 10133.508 | E104: 11360.79 | F104: 9986.592 | G104: 6517.224 | I104: El Salvador | J104: 7670.46 | K104: 14649.558 | L104: 4686.318 | N104: 2478 | O104: =SUM(J104:N104) -> 29484.336
B105: Pakistan | C105: 787382.4 | D105: 1977489.1 | E105: 3113376.2 | F105: 730901.22 | G105: 180307.3 | I105: Bulgaria | L105: 10213.602 | M105: 11206.44 | N105: 2643.06 | O105: =SUM(J105:N105) -> 24063.102
B106: Palestinian Territory | C106: 11495.442 | D106: 9752.4 | E106: 511485.2 | F106: -509687.64 | I106: Palestinian Territory | J106: 11495.442 | K106: 9752.4 | L106: 511485.2 | M106: -509687.64 | O106: =SUM(J106:N106) -> 23045.4
B107: Panama | D107: 5157.894 | E107: 320425.01 | I107: Croatia | J107: 2520 | K107: 4860.786 | L107: 4762.8 | M107: 5040 | N107: 5040 | O107: =SUM(J107:N107) -> 22223.586
B108: Paraguay | E108: 4027.8 | I108: Ethiopia | L108: 21032.256 | O108: =SUM(J108:N108) -> 21032.256
...

Sheet Sales BD
B2: Sales Data Breakdown per Invoice
B3: Magnimetrics
B5: in EUR
K6: 2 | L6: 3 | M6: 4 | N6: 5
B7: Amount | C7: Client ID | D7: Delivery Method | E7: Quantity | F7: Order # | G7: Invoice # | H7: Date | I7: Invoice Year | J7: Invoice Month | K7: Client Name | L7: Group | M7: Country ID | N7: Country
B8: 124782 | C8: C000-01253 | D8: Truck | E8: 342 | F8: So0000-A9445371 | G8: G0005577 | H8: 41808 | I8: 2014 | J8: 6 | K8: =VLOOKUP($C8,Clients!$B:$F,K$6,0) -> Aibox | L8: =VLOOKUP($C8,Clients!$B:$F,L$6,0) -> Foreign | M8: =VLOOKUP($C8,Clients!$B:$F,M$6,0) -> CN | N8: =VLOOKUP($C8,Clients!$B:$F,N$6,0) -> China
B9: 9009 | C9: C000-01253 | D9: Truck | E9: 1 | F9: So0000-A9445371 | G9: G0005578 | H9: 41808 | I9: 2014 | J9: 6 | K9: =VLOOKUP($C9,Clients!$B:$F,K$6,0) -> Aibox | L9: =VLOOKUP($C9,Clients!$B:$F,L$6,0) -> Foreign | M9: =VLOOKUP($C9,Clients!$B:$F,M$6,0) -> CN | N9: =VLOOKUP($C9,Clients!$B:$F,N$6,0) -> China
B10: 0 | C10: C000-01253 | D10: TNT | E10: 20 | F10: So0010-A3375046 | G10: G0005711 | H10: 41851 | I10: 2014 | J10: 7 | K10: =VLOOKUP($C10,Clients!$B:$F,K$6,0) -> Aibox | L10: =VLOOKUP($C10,Clients!$B:$F,L$6,0) -> Foreign | M10: =VLOOKUP($C10,Clients!$B:$F,M$6,0) -> CN | N10: =VLOOKUP($C10,Clients!$B:$F,N$6,0) -> China
B11: 133039.2 | C11: C000-01253 | D11: Truck | E11: 332 | F11: So0010-A8481054 | G11: G0005930 | H11: 41974 | I11: 2014 | J11: 12 | K11: =VLOOKUP($C11,Clients!$B:$F,K$6,0) -> Aibox | L11: =VLOOKUP($C11,Clients!$B:$F,L$6,0) -> Foreign | M11: =VLOOKUP($C11,Clients!$B:$F,M$6,0) -> CN | N11: =VLOOKUP($C11,Clients!$B:$F,N$6,0) -> China
B12: 8820 | C12: C000-01253 | D12: Truck | E12: 1 | F12: So0010-A8481054 | G12: G0005931 | H12: 41974 | I12: 2014 | J12: 12 | K12: =VLOOKUP($C12,Clients!$B:$F,K$6,0) -> Aibox | L12: =VLOOKUP($C12,Clients!$B:$F,L$6,0) -> Foreign | M12: =VLOOKUP($C12,Clients!$B:$F,M$6,0) -> CN | N12: =VLOOKUP($C12,Clients!$B:$F,N$6,0) -> China
B13: 163485 | C13: C000-01253 | D13: Truck | E13: 350 | F13: So0010-A8481054 | G13: G0007226 | H13: 42314 | I13: 2015 | J13: 11 | K13: =VLOOKUP($C13,Clients!$B:$F,K$6,0) -> Aibox | L13: =VLOOKUP($C13,Clients!$B:$F,L$6,0) -> Foreign | M13: =VLOOKUP($C13,Clients!$B:$F,M$6,0) -> CN | N13: =VLOOKUP($C13,Clients!$B:$F,N$6,0) -> China
B14: 7980 | C14: C000-01253 | D14: Truck | E14: 1 | F14: So0030-A8248408 | G14: G0007227 | H14: 42314 | I14: 2015 | J14: 11 | K14: =VLOOKUP($C14,Clients!$B:$F,K$6,0) -> Aibox | L14: =VLOOKUP($C14,Clients!$B:$F,L$6,0) -> Foreign | M14: =VLOOKUP($C14,Clients!$B:$F,M$6,0) -> CN | N14: =VLOOKUP($C14,Clients!$B:$F,N$6,0) -> China
B15: 6867 | C15: C000-01253 | D15: Truck | E15: 31 | F15: So0030-A8248408 | G15: G0007270 | H15: 42332 | I15: 2015 | J15: 11 | K15: =VLOOKUP($C15,Clients!$B:$F,K$6,0) -> Aibox | L15: =VLOOKUP($C15,Clients!$B:$F,L$6,0) -> Foreign | M15: =VLOOKUP($C15,Clients!$B:$F,M$6,0) -> CN | N15: =VLOOKUP($C15,Clients!$B:$F,N$6,0) -> China
B16: 1302 | C16: C000-01253 | D16: Truck | E16: 1 | F16: So0030-A8248408 | G16: G0007271 | H16: 42332 | I16: 2015 | J16: 11 | K16: =VLOOKUP($C16,Clients!$B:$F,K$6,0) -> Aibox | L16: =VLOOKUP($C16,Clients!$B:$F,L$6,0) -> Foreign | M16: =VLOOKUP($C16,Clients!$B:$F,M$6,0) -> CN | N16: =VLOOKUP($C16,Clients!$B:$F,N$6,0) -> China
B17: 45087 | C17: C000-01253 | D17: Truck | E17: 51 | F17: So0040-A5826116 | G17: G0007783 | H17: 42447 | I17: 2016 | J17: 3 | K17: =VLOOKUP($C17,Clients!$B:$F,K$6,0) -> Aibox | L17: =VLOOKUP($C17,Clients!$B:$F,L$6,0) -> Foreign | M17: =VLOOKUP($C17,Clients!$B:$F,M$6,0) -> CN | N17: =VLOOKUP($C17,Clients!$B:$F,N$6,0) -> China
B18: -45087 | C18: C000-01253 | D18: Truck | E18: -51 | F18: So0040-A7391711 | G18: G0007783 | H18: 42447 | I18: 2016 | J18: 3 | K18: =VLOOKUP($C18,Clients!$B:$F,K$6,0) -> Aibox | L18: =VLOOKUP($C18,Clients!$B:$F,L$6,0) -> Foreign | M18: =VLOOKUP($C18,Clients!$B:$F,M$6,0) -> CN | N18: =VLOOKUP($C18,Clients!$B:$F,N$6,0) -> China
B19: 52353 | C19: C000-01253 | D19: Truck | E19: 51 | F19: So0040-A7404269 | G19: G0007783 | H19: 42447 | I19: 2016 | J19: 3 | K19: =VLOOKUP($C19,Clients!$B:$F,K$6,0) -> Aibox | L19: =VLOOKUP($C19,Clients!$B:$F,L$6,0) -> Foreign | M19: =VLOOKUP($C19,Clients!$B:$F,M$6,0) -> CN | N19: =VLOOKUP($C19,Clients!$B:$F,N$6,0) -> China
... B87: -705.6 | C87: C000-05890 | D87: Truck | E87: -3 | F87: So0050-A4661098 | G87: G0008307 | H87: 42523 | I87: 2016 | J87: 6 | K87: =VLOOKUP($C87,Clients!$B:$F,K$6,0) -> Ainyx | L87: =VLOOKUP($C87,Clients!$B:$F,L$6,0) -> Foreign | M87: =VLOOKUP($C87,Clients!$B:$F,M$6,0) -> ID | N87: =VLOOKUP($C87,Clients!$B:$F,N$6,0) -> Indonesia
B88: 82299 | C88: C000-05890 | D88: Client pick-up | E88: 0 | F88: #N/A | G88: G0009494 | H88: 42735 | I88: 2016 | J88: 12 | K88: =VLOOKUP($C88,Clients!$B:$F,K$6,0) -> Ainyx | L88: =VLOOKUP($C88,Clients!$B:$F,L$6,0) -> Foreign | M88: =VLOOKUP($C88,Clients!$B:$F,M$6,0) -> ID | N88: =VLOOKUP($C88,Clients!$B:$F,N$6,0) -> Indonesia
B89: 82299 | C89: C000-05890 | D89: Client pick-up | E89: 0 | F89: So2990-A0806309 | G89: G0009494 | H89: 42767 | I89: 2017 | J89: 2 | K89: =VLOOKUP($C89,Clients!$B:$F,K$6,0) -> Ainyx | L89: =VLOOKUP($C89,Clients!$B:$F,L$6,0) -> Foreign | M89: =VLOOKUP($C89,Clients!$B:$F,M$6,0) -> ID | N89: =VLOOKUP($C89,Clients!$B:$F,N$6,0) -> Indonesia
B90: 0 | C90: C000-05890 | D90: Truck | E90: 11 | F90: So0070-A6789086 | G90: G0010222 | H90: 42881 | I90: 2017 | J90: 5 | K90: =VLOOKUP($C90,Clients!$B:$F,K$6,0) -> Ainyx | L90: =VLOOKUP($C90,Clients!$B:$F,L$6,0) -> Foreign | M90: =VLOOKUP($C90,Clients!$B:$F,M$6,0) -> ID | N90: =VLOOKUP($C90,Clients!$B:$F,N$6,0) -> Indonesia
B91: 0 | C91: C000-05890 | D91: Truck | E91: -11 | F91: So0080-A3626494 | G91: G0010775 | H91: 42934 | I91: 2017 | J91: 7 | K91: =VLOOKUP($C91,Clients!$B:$F,K$6,0) -> Ainyx | L91: =VLOOKUP($C91,Clients!$B:$F,L$6,0) -> Foreign | M91: =VLOOKUP($C91,Clients!$B:$F,M$6,0) -> ID | N91: =VLOOKUP($C91,Clients!$B:$F,N$6,0) -> Indonesia
B92: 0 | C92: C000-05890 | D92: Truck | E92: 4 | F92: So0100-A6685174 | G92: G0012764 | H92: 43263 | I92: 2018 | J92: 6 | K92: =VLOOKUP($C92,Clients!$B:$F,K$6,0) -> Ainyx | L92: =VLOOKUP($C92,Clients!$B:$F,L$6,0) -> Foreign | M92: =VLOOKUP($C92,Clients!$B:$F,M$6,0) -> ID | N92: =VLOOKUP($C92,Clients!$B:$F,N$6,0) -> Indonesia
B93: 161040.6 | C93: C000-07543 | D93: Truck | E93: 350 | F93: So0000-A2883237 | G93: G0004988 | H93: 41647 | I93: 2014 | J93: 1 | K93: =VLOOKUP($C93,Clients!$B:$F,K$6,0) -> Avaveo | L93: =VLOOKUP($C93,Clients!$B:$F,L$6,0) -> Foreign | M93: =VLOOKUP($C93,Clients!$B:$F,M$6,0) -> PT | N93: =VLOOKUP($C93,Clients!$B:$F,N$6,0) -> Portugal
B94: -161040.6 | C94: C000-07543 | D94: Truck | E94: -350 | F94: So0000-A2902879 | G94: G0000004 | H94: 41647 | I94: 2014 | J94: 1 | K94: =VLOOKUP($C94,Clients!$B:$F,K$6,0) -> Avaveo | L94: =VLOOKUP($C94,Clients!$B:$F,L$6,0) -> Foreign | M94: =VLOOKUP($C94,Clients!$B:$F,M$6,0) -> PT | N94: =VLOOKUP($C94,Clients!$B:$F,N$6,0) -> Portugal
B95: 161040.6 | C95: C000-07543 | D95: Truck | E95: 350 | F95: So0000-A0926091 | G95: G0000007 | H95: 41647 | I95: 2014 | J95: 1 | K95: =VLOOKUP($C95,Clients!$B:$F,K$6,0) -> Avaveo | L95: =VLOOKUP($C95,Clients!$B:$F,L$6,0) -> Foreign | M95: =VLOOKUP($C95,Clients!$B:$F,M$6,0) -> PT | N95: =VLOOKUP($C95,Clients!$B:$F,N$6,0) -> Portugal
B96: 168525 | C96: C000-07543 | D96: Truck | E96: 343 | F96: So0000-A1766876 | G96: G0004996 | H96: 41661 | I96: 2014 | J96: 1 | K96: =VLOOKUP($C96,Clients!$B:$F,K$6,0) -> Avaveo | L96: =VLOOKUP($C96,Clients!$B:$F,L$6,0) -> Foreign | M96: =VLOOKUP($C96,Clients!$B:$F,M$6,0) -> PT | N96: =VLOOKUP($C96,Clients!$B:$F,N$6,0) -> Portugal
B97: 100548 | C97: C000-07543 | D97: Truck | E97: 380 | F97: So0000-A2439799 | G97: G0005000 | H97: 41661 | I97: 2014 | J97: 1 | K97: =VLOOKUP($C97,Clients!$B:$F,K$6,0) -> Avaveo | L97: =VLOOKUP($C97,Clients!$B:$F,L$6,0) -> Foreign | M97: =VLOOKUP($C97,Clients!$B:$F,M$6,0) -> PT | N97: =VLOOKUP($C97,Clients!$B:$F,N$6,0) -> Portugal
B98: 459.9 | C98: C000-07543 | D98: Truck | E98: 1 | F98: So0000-A3637864 | G98: G0005052 | H98: 41684 | I98: 2014 | J98: 2 | K98: =VLOOKUP($C98,Clients!$B:$F,K$6,0) -> Avaveo | L98: =VLOOKUP($C98,Clients!$B:$F,L$6,0) -> Foreign | M98: =VLOOKUP($C98,Clients!$B:$F,M$6,0) -> PT | N98: =VLOOKUP($C98,Clients!$B:$F,N$6,0) -> Portugal
B99: 462 | C99: C000-07543 | D99: Truck | E99: 1 | F99: So0000-A3637864 | G99: G0005053 | H99: 41684 | I99: 2014 | J99: 2 | K99: =VLOOKUP($C99,Clients!$B:$F,K$6,0) -> Avaveo | L99: =VLOOKUP($C99,Clients!$B:$F,L$6,0) -> Foreign | M99: =VLOOKUP($C99,Clients!$B:$F,M$6,0) -> PT | N99: =VLOOKUP($C99,Clients!$B:$F,N$6,0) -> Portugal
B100: 121716 | C100: C000-07543 | D100: Truck | E100: 460 | F100: So0000-A5516774 | G100: G0005278 | H100: 41737 | I100: 2014 | J100: 4 | K100: =VLOOKUP($C100,Clients!$B:$F,K$6,0) -> Avaveo | L100: =VLOOKUP($C100,Clients!$B:$F,L$6,0) -> Foreign | M100: =VLOOKUP($C100,Clients!$B:$F,M$6,0) -> PT | N100: =VLOOKUP($C100,Clients!$B:$F,N$6,0) -> Portugal
... B492: 181612.2 | C492: C000-10198 | D492: Truck | E492: 344 | F492: So0030-A6347501 | G492: G0007058 | H492: 42272 | I492: 2015 | J492: 9 | K492: =VLOOKUP($C492,Clients!$B:$F,K$6,0) -> Gabcube | L492: =VLOOKUP($C492,Clients!$B:$F,L$6,0) -> Foreign | M492: =VLOOKUP($C492,Clients!$B:$F,M$6,0) -> FI | N492: =VLOOKUP($C492,Clients!$B:$F,N$6,0) -> Finland
B493: 67.2 | C493: C000-10198 | D493: Client pick-up | E493: 0 | F493: #N/A | G493: G28/2014 | H493: 42278 | I493: 2015 | J493: 10 | K493: =VLOOKUP($C493,Clients!$B:$F,K$6,0) -> Gabcube | L493: =VLOOKUP($C493,Clients!$B:$F,L$6,0) -> Foreign | M493: =VLOOKUP($C493,Clients!$B:$F,M$6,0) -> FI | N493: =VLOOKUP($C493,Clients!$B:$F,N$6,0) -> Finland
B494: 90.3 | C494: C000-10198 | D494: Client pick-up | E494: 0 | F494: #N/A | G494: G27714 | H494: 42296 | I494: 2015 | J494: 10 | K494: =VLOOKUP($C494,Clients!$B:$F,K$6,0) -> Gabcube | L494: =VLOOKUP($C494,Clients!$B:$F,L$6,0) -> Foreign | M494: =VLOOKUP($C494,Clients!$B:$F,M$6,0) -> FI | N494: =VLOOKUP($C494,Clients!$B:$F,N$6,0) -> Finland
B495: 924.714 | C495: C000-10198 | D495: TNT | E495: 6 | F495: So0030-A8381359 | G495: G0007188 | H495: 42303 | I495: 2015 | J495: 10 | K495: =VLOOKUP($C495,Clients!$B:$F,K$6,0) -> Gabcube | L495: =VLOOKUP($C495,Clients!$B:$F,L$6,0) -> Foreign | M495: =VLOOKUP($C495,Clients!$B:$F,M$6,0) -> FI | N495: =VLOOKUP($C495,Clients!$B:$F,N$6,0) -> Finland
B496: 252 | C496: C000-10198 | D496: TNT | E496: 1 | F496: So0030-A8381359 | G496: G0007189 | H496: 42303 | I496: 2015 | J496: 10 | K496: =VLOOKUP($C496,Clients!$B:$F,K$6,0) -> Gabcube | L496: =VLOOKUP($C496,Clients!$B:$F,L$6,0) -> Foreign | M496: =VLOOKUP($C496,Clients!$B:$F,M$6,0) -> FI | N496: =VLOOKUP($C496,Clients!$B:$F,N$6,0) -> Finland
B497: 193996.95 | C497: C000-10198 | D497: Truck | E497: 397 | F497: So0030-A7867104 | G497: G0007214 | H497: 42311 | I497: 2015 | J497: 11 | K497: =VLOOKUP($C497,Clients!$B:$F,K$6,0) -> Gabcube | L497: =VLOOKUP($C497,Clients!$B:$F,L$6,0) -> Foreign | M497: =VLOOKUP($C497,Clients!$B:$F,M$6,0) -> FI | N497: =VLOOKUP($C497,Clients!$B:$F,N$6,0) -> Finland
B498: 2856.21 | C498: C000-10198 | D498: Truck | E498: 106 | F498: So0030-A9653596 | G498: G0007264 | H498: 42329 | I498: 2015 | J498: 11 | K498: =VLOOKUP($C498,Clients!$B:$F,K$6,0) -> Gabcube | L498: =VLOOKUP($C498,Clients!$B:$F,L$6,0) -> Foreign | M498: =VLOOKUP($C498,Clients!$B:$F,M$6,0) -> FI | N498: =VLOOKUP($C498,Clients!$B:$F,N$6,0) -> Finland
B499: 44984.94 | C499: C000-10198 | D499: Truck | E499: 55 | F499: So0030-A9668891 | G499: G0007265 | H499: 42329 | I499: 2015 | J499: 11 | K499: =VLOOKUP($C499,Clients!$B:$F,K$6,0) -> Gabcube | L499: =VLOOKUP($C499,Clients!$B:$F,L$6,0) -> Foreign | M499: =VLOOKUP($C499,Clients!$B:$F,M$6,0) -> FI | N499: =VLOOKUP($C499,Clients!$B:$F,N$6,0) -> Finland
B500: 1381.296 | C500: C000-10198 | D500: Truck | E500: 207.5 | F500: So0040-A1145286 | G500: G0007362 | H500: 42350 | I500: 2015 | J500: 12 | K500: =VLOOKUP($C500,Clients!$B:$F,K$6,0) -> Gabcube | L500: =VLOOKUP($C500,Clients!$B:$F,L$6,0) -> Foreign | M500: =VLOOKUP($C500,Clients!$B:$F,M$6,0) -> FI | N500: =VLOOKUP($C500,Clients!$B:$F,N$6,0) -> Finland
B501: 31241.28 | C501: C000-10198 | D501: Truck | E501: 37 | F501: So0040-A0953045 | G501: G0007363 | H501: 42350 | I501: 2015 | J501: 12 | K501: =VLOOKUP($C501,Clients!$B:$F,K$6,0) -> Gabcube | L501: =VLOOKUP($C501,Clients!$B:$F,L$6,0) -> Foreign | M501: =VLOOKUP($C501,Clients!$B:$F,M$6,0) -> FI | N501: =VLOOKUP($C501,Clients!$B:$F,N$6,0) -> Finland
B502: 77307.72 | C502: C000-10198 | D502: Truck | E502: 198 | F502: So0030-A9947523 | G502: G0007405 | H502: 42367 | I502: 2015 | J502: 12 | K502: =VLOOKUP($C502,Clients!$B:$F,K$6,0) -> Gabcube | L502: =VLOOKUP($C502,Clients!$B:$F,L$6,0) -> Foreign | M502: =VLOOKUP($C502,Clients!$B:$F,M$6,0) -> FI | N502: =VLOOKUP($C502,Clients!$B:$F,N$6,0) -> Finland
B503: -77307.72 | C503: C000-10198 | D503: Truck | E503: -198 | F503: So0040-A2359977 | G503: G0007405 | H503: 42367 | I503: 2015 | J503: 12 | K503: =VLOOKUP($C503,Clients!$B:$F,K$6,0) -> Gabcube | L503: =VLOOKUP($C503,Clients!$B:$F,L$6,0) -> Foreign | M503: =VLOOKUP($C503,Clients!$B:$F,M$6,0) -> FI | N503: =VLOOKUP($C503,Clients!$B:$F,N$6,0) -> Finland
B504: 160467.72 | C504: C000-10198 | D504: Truck | E504: 198 | F504: So0040-A2367188 | G504: G0007405 | H504: 42367 | I504: 2015 | J504: 12 | K504: =VLOOKUP($C504,Clients!$B:$F,K$6,0) -> Gabcube | L504: =VLOOKUP($C504,Clients!$B:$F,L$6,0) -> Foreign | M504: =VLOOKUP($C504,Clients!$B:$F,M$6,0) -> FI | N504: =VLOOKUP($C504,Clients!$B:$F,N$6,0) -> Finland
B505: 156657.48 | C505: C000-10198 | D505: Truck | E505: 194 | F505: So0030-A9947523 | G505: G0007408 | H505: 42367 | I505: 2015 | J505: 12 | K505: =VLOOKUP($C505,Clients!$B:$F,K$6,0) -> Gabcube | L505: =VLOOKUP($C505,Clients!$B:$F,L$6,0) -> Foreign | M505: =VLOOKUP($C505,Clients!$B:$F,M$6,0) -> FI | N505: =VLOOKUP($C505,Clients!$B:$F,N$6,0) -> Finland
B506: 169378.44 | C506: C000-10198 | D506: Truck | E506: 210 | F506: So0030-A9947523 | G506: G0007409 | H506: 42368 | I506: 2015 | J506: 12 | K506: =VLOOKUP($C506,Clients!$B:$F,K$6,0) -> Gabcube | L506: =VLOOKUP($C506,Clients!$B:$F,L$6,0) -> Foreign | M506: =VLOOKUP($C506,Clients!$B:$F,M$6,0) -> FI | N506: =VLOOKUP($C506,Clients!$B:$F,N$6,0) -> Finland
... B965: 2016 | C965: C000-14207 | D965: Truck | E965: 1 | F965: So0030-A3573098 | G965: G0007005 | H965: 42240 | I965: 2015 | J965: 8 | K965: =VLOOKUP($C965,Clients!$B:$F,K$6,0) -> Blogtag | L965: =VLOOKUP($C965,Clients!$B:$F,L$6,0) -> Foreign | M965: =VLOOKUP($C965,Clients!$B:$F,M$6,0) -> CN | N965: =VLOOKUP($C965,Clients!$B:$F,N$6,0) -> China
B966: 5455.086 | C966: C000-14207 | D966: Client pick-up | E966: 0 | F966: #N/A | G966: G1242/ОС | H966: 42277 | I966: 2015 | J966: 9 | K966: =VLOOKUP($C966,Clients!$B:$F,K$6,0) -> Blogtag | L966: =VLOOKUP($C966,Clients!$B:$F,L$6,0) -> Foreign | M966: =VLOOKUP($C966,Clients!$B:$F,M$6,0) -> CN | N966: =VLOOKUP($C966,Clients!$B:$F,N$6,0) -> China
B967: 182829.36 | C967: C000-14207 | D967: Truck | E967: 674 | F967: So0030-A6714487 | G967: G0007105 | H967: 42282 | I967: 2015 | J967: 10 | K967: =VLOOKUP($C967,Clients!$B:$F,K$6,0) -> Blogtag | L967: =VLOOKUP($C967,Clients!$B:$F,L$6,0) -> Foreign | M967: =VLOOKUP($C967,Clients!$B:$F,M$6,0) -> CN | N967: =VLOOKUP($C967,Clients!$B:$F,N$6,0) -> China
B968: 252546.42 | C968: C000-14207 | D968: Truck | E968: 483 | F968: So0020-A4481687 | G968: G0007174 | H968: 42297 | I968: 2015 | J968: 10 | K968: =VLOOKUP($C968,Clients!$B:$F,K$6,0) -> Blogtag | L968: =VLOOKUP($C968,Clients!$B:$F,L$6,0) -> Foreign | M968: =VLOOKUP($C968,Clients!$B:$F,M$6,0) -> CN | N968: =VLOOKUP($C968,Clients!$B:$F,N$6,0) -> China
B969: 376324.2 | C969: C000-14207 | D969: Truck | E969: 448 | F969: So0030-A0303455 | G969: G0007187 | H969: 42301 | I969: 2015 | J969: 10 | K969: =VLOOKUP($C969,Clients!$B:$F,K$6,0) -> Blogtag | L969: =VLOOKUP($C969,Clients!$B:$F,L$6,0) -> Foreign | M969: =VLOOKUP($C969,Clients!$B:$F,M$6,0) -> CN | N969: =VLOOKUP($C969,Clients!$B:$F,N$6,0) -> China
B970: 232608.6 | C970: C000-14207 | D970: Truck | E970: 447 | F970: So0030-A0303455 | G970: G0007217 | H970: 42312 | I970: 2015 | J970: 11 | K970: =VLOOKUP($C970,Clients!$B:$F,K$6,0) -> Blogtag | L970: =VLOOKUP($C970,Clients!$B:$F,L$6,0) -> Foreign | M970: =VLOOKUP($C970,Clients!$B:$F,M$6,0) -> CN | N970: =VLOOKUP($C970,Clients!$B:$F,N$6,0) -> China
B971: 151962.72 | C971: C000-14207 | D971: Truck | E971: 308 | F971: So0030-A0303455 | G971: G0007294 | H971: 42341 | I971: 2015 | J971: 12 | K971: =VLOOKUP($C971,Clients!$B:$F,K$6,0) -> Blogtag | L971: =VLOOKUP($C971,Clients!$B:$F,L$6,0) -> Foreign | M971: =VLOOKUP($C971,Clients!$B:$F,M$6,0) -> CN | N971: =VLOOKUP($C971,Clients!$B:$F,N$6,0) -> China
B972: 0 | C972: C000-14207 | D972: Truck | E972: 121.65 | F972: So0030-A9691660 | G972: G0007295 | H972: 42341 | I972: 2015 | J972: 12 | K972: =VLOOKUP($C972,Clients!$B:$F,K$6,0) -> Blogtag | L972: =VLOOKUP($C972,Clients!$B:$F,L$6,0) -> Foreign | M972: =VLOOKUP($C972,Clients!$B:$F,M$6,0) -> CN | N972: =VLOOKUP($C972,Clients!$B:$F,N$6,0) -> China
B973: 267754.2 | C973: C000-14207 | D973: Truck | E973: 444 | F973: So0040-A0724601 | G973: G0007438 | H973: 42381 | I973: 2016 | J973: 1 | K973: =VLOOKUP($C973,Clients!$B:$F,K$6,0) -> Blogtag | L973: =VLOOKUP($C973,Clients!$B:$F,L$6,0) -> Foreign | M973: =VLOOKUP($C973,Clients!$B:$F,M$6,0) -> CN | N973: =VLOOKUP($C973,Clients!$B:$F,N$6,0) -> China
B974: 219140.25 | C974: C000-14207 | D974: Truck | E974: 437 | F974: So0020-A5335253 | G974: G0007446 | H974: 42384 | I974: 2016 | J974: 1 | K974: =VLOOKUP($C974,Clients!$B:$F,K$6,0) -> Blogtag | L974: =VLOOKUP($C974,Clients!$B:$F,L$6,0) -> Foreign | M974: =VLOOKUP($C974,Clients!$B:$F,M$6,0) -> CN | N974: =VLOOKUP($C974,Clients!$B:$F,N$6,0) -> China
B975: 150.864 | C975: C000-14207 | D975: Truck | E975: 100 | F975: So0040-A2703652 | G975: G0007447 | H975: 42384 | I975: 2016 | J975: 1 | K975: =VLOOKUP($C975,Clients!$B:$F,K$6,0) -> Blogtag | L975: =VLOOKUP($C975,Clients!$B:$F,L$6,0) -> Foreign | M975: =VLOOKUP($C975,Clients!$B:$F,M$6,0) -> CN | N975: =VLOOKUP($C975,Clients!$B:$F,N$6,0) -> China
B976: 287632.8 | C976: C000-14207 | D976: Truck | E976: 450 | F976: So0040-A2345088 | G976: G0007479 | H976: 42395 | I976: 2016 | J976: 1 | K976: =VLOOKUP($C976,Clients!$B:$F,K$6,0) -> Blogtag | L976: =VLOOKUP($C976,Clients!$B:$F,L$6,0) -> Foreign | M976: =VLOOKUP($C976,Clients!$B:$F,M$6,0) -> CN | N976: =VLOOKUP($C976,Clients!$B:$F,N$6,0) -> China
B977: 295548.54 | C977: C000-14207 | D977: Truck | E977: 444 | F977: So0030-A0303455 | G977: G0007486 | H977: 42397 | I977: 2016 | J977: 1 | K977: =VLOOKUP($C977,Clients!$B:$F,K$6,0) -> Blogtag | L977: =VLOOKUP($C977,Clients!$B:$F,L$6,0) -> Foreign | M977: =VLOOKUP($C977,Clients!$B:$F,M$6,0) -> CN | N977: =VLOOKUP($C977,Clients!$B:$F,N$6,0) -> China
B978: 59.22 | C978: C000-14207 | D978: Truck | E978: 140 | F978: So0040-A4854548 | G978: G0007659 | H978: 42424 | I978: 2016 | J978: 2 | K978: =VLOOKUP($C978,Clients!$B:$F,K$6,0) -> Blogtag | L978: =VLOOKUP($C978,Clients!$B:$F,L$6,0) -> Foreign | M978: =VLOOKUP($C978,Clients!$B:$F,M$6,0) -> CN | N978: =VLOOKUP($C978,Clients!$B:$F,N$6,0) -> China
... B3159: 154763.7 | C3159: C001-04909 | D3159: Truck | E3159: 190 | F3159: So0020-A9902544 | G3159: G0007048 | H3159: 42264 | I3159: 2015 | J3159: 9 | K3159: =VLOOKUP($C3159,Clients!$B:$F,K$6,0) -> Linkbuzz | L3159: =VLOOKUP($C3159,Clients!$B:$F,L$6,0) -> Foreign | M3159: =VLOOKUP($C3159,Clients!$B:$F,M$6,0) -> MG | N3159: =VLOOKUP($C3159,Clients!$B:$F,N$6,0) -> Madagascar
B3160: 2717.904 | C3160: C001-04909 | D3160: Client pick-up | E3160: 0 | F3160: #N/A | G3160: G5505397 | H3160: 42277 | I3160: 2015 | J3160: 9 | K3160: =VLOOKUP($C3160,Clients!$B:$F,K$6,0) -> Linkbuzz | L3160: =VLOOKUP($C3160,Clients!$B:$F,L$6,0) -> Foreign | M3160: =VLOOKUP($C3160,Clients!$B:$F,M$6,0) -> MG | N3160: =VLOOKUP($C3160,Clients!$B:$F,N$6,0) -> Madagascar
B3161: 0 | C3161: C001-04909 | D3161: TNT | E3161: 9 | F3161: So0030-A7018158 | G3161: G0007102 | H3161: 42282 | I3161: 2015 | J3161: 10 | K3161: =VLOOKUP($C3161,Clients!$B:$F,K$6,0) -> Linkbuzz | L3161: =VLOOKUP($C3161,Clients!$B:$F,L$6,0) -> Foreign | M3161: =VLOOKUP($C3161,Clients!$B:$F,M$6,0) -> MG | N3161: =VLOOKUP($C3161,Clients!$B:$F,N$6,0) -> Madagascar
B3162: 36061.2 | C3162: C001-04909 | D3162: Client pick-up | E3162: 0 | F3162: #N/A | G3162: G1602144 | H3162: 42286 | I3162: 2015 | J3162: 10 | K3162: =VLOOKUP($C3162,Clients!$B:$F,K$6,0) -> Linkbuzz | L3162: =VLOOKUP($C3162,Clients!$B:$F,L$6,0) -> Foreign | M3162: =VLOOKUP($C3162,Clients!$B:$F,M$6,0) -> MG | N3162: =VLOOKUP($C3162,Clients!$B:$F,N$6,0) -> Madagascar
B3163: 827.652 | C3163: C001-04909 | D3163: TNT | E3163: 12 | F3163: So0030-A7367543 | G3163: G0007143 | H3163: 42290 | I3163: 2015 | J3163: 10 | K3163: =VLOOKUP($C3163,Clients!$B:$F,K$6,0) -> Linkbuzz | L3163: =VLOOKUP($C3163,Clients!$B:$F,L$6,0) -> Foreign | M3163: =VLOOKUP($C3163,Clients!$B:$F,M$6,0) -> MG | N3163: =VLOOKUP($C3163,Clients!$B:$F,N$6,0) -> Madagascar
B3164: 840 | C3164: C001-04909 | D3164: TNT | E3164: 1 | F3164: So0030-A7603059 | G3164: G0007144 | H3164: 42290 | I3164: 2015 | J3164: 10 | K3164: =VLOOKUP($C3164,Clients!$B:$F,K$6,0) -> Linkbuzz | L3164: =VLOOKUP($C3164,Clients!$B:$F,L$6,0) -> Foreign | M3164: =VLOOKUP($C3164,Clients!$B:$F,M$6,0) -> MG | N3164: =VLOOKUP($C3164,Clients!$B:$F,N$6,0) -> Madagascar
B3165: 476.7 | C3165: C001-04909 | D3165: TNT | E3165: 1 | F3165: So0030-A7603059 | G3165: G0007150 | H3165: 42291 | I3165: 2015 | J3165: 10 | K3165: =VLOOKUP($C3165,Clients!$B:$F,K$6,0) -> Linkbuzz | L3165: =VLOOKUP($C3165,Clients!$B:$F,L$6,0) -> Foreign | M3165: =VLOOKUP($C3165,Clients!$B:$F,M$6,0) -> MG | N3165: =VLOOKUP($C3165,Clients!$B:$F,N$6,0) -> Madagascar
B3166: 462 | C3166: C001-04909 | D3166: TNT | E3166: 1 | F3166: So0030-A7603059 | G3166: G0007151 | H3166: 42291 | I3166: 2015 | J3166: 10 | K3166: =VLOOKUP($C3166,Clients!$B:$F,K$6,0) -> Linkbuzz | L3166: =VLOOKUP($C3166,Clients!$B:$F,L$6,0) -> Foreign | M3166: =VLOOKUP($C3166,Clients!$B:$F,M$6,0) -> MG | N3166: =VLOOKUP($C3166,Clients!$B:$F,N$6,0) -> Madagascar
B3167: 1066.8 | C3167: C001-04909 | D3167: TNT | E3167: 1 | F3167: So0030-A7857755 | G3167: G0007160 | H3167: 42292 | I3167: 2015 | J3167: 10 | K3167: =VLOOKUP($C3167,Clients!$B:$F,K$6,0) -> Linkbuzz | L3167: =VLOOKUP($C3167,Clients!$B:$F,L$6,0) -> Foreign | M3167: =VLOOKUP($C3167,Clients!$B:$F,M$6,0) -> MG | N3167: =VLOOKUP($C3167,Clients!$B:$F,N$6,0) -> Madagascar
B3168: 420 | C3168: C001-04909 | D3168: TNT | E3168: 1 | F3168: So0030-A7857755 | G3168: G0007161 | H3168: 42292 | I3168: 2015 | J3168: 10 | K3168: =VLOOKUP($C3168,Clients!$B:$F,K$6,0) -> Linkbuzz | L3168: =VLOOKUP($C3168,Clients!$B:$F,L$6,0) -> Foreign | M3168: =VLOOKUP($C3168,Clients!$B:$F,M$6,0) -> MG | N3168: =VLOOKUP($C3168,Clients!$B:$F,N$6,0) -> Madagascar
B3169: 168525 | C3169: C001-04909 | D3169: Truck | E3169: 345 | F3169: So0030-A7425869 | G3169: G0007173 | H3169: 42296 | I3169: 2015 | J3169: 10 | K3169: =VLOOKUP($C3169,Clients!$B:$F,K$6,0) -> Linkbuzz | L3169: =VLOOKUP($C3169,Clients!$B:$F,L$6,0) -> Foreign | M3169: =VLOOKUP($C3169,Clients!$B:$F,M$6,0) -> MG | N3169: =VLOOKUP($C3169,Clients!$B:$F,N$6,0) -> Madagascar
B3170: 155068.2 | C3170: C001-04909 | D3170: Truck | E3170: 466 | F3170: So0030-A7367543 | G3170: G0007185 | H3170: 42300 | I3170: 2015 | J3170: 10 | K3170: =VLOOKUP($C3170,Clients!$B:$F,K$6,0) -> Linkbuzz | L3170: =VLOOKUP($C3170,Clients!$B:$F,L$6,0) -> Foreign | M3170: =VLOOKUP($C3170,Clients!$B:$F,M$6,0) -> MG | N3170: =VLOOKUP($C3170,Clients!$B:$F,N$6,0) -> Madagascar
B3171: 168953.4 | C3171: C001-04909 | D3171: Truck | E3171: 368 | F3171: So0030-A7592694 | G3171: G0007186 | H3171: 42300 | I3171: 2015 | J3171: 10 | K3171: =VLOOKUP($C3171,Clients!$B:$F,K$6,0) -> Linkbuzz | L3171: =VLOOKUP($C3171,Clients!$B:$F,L$6,0) -> Foreign | M3171: =VLOOKUP($C3171,Clients!$B:$F,M$6,0) -> MG | N3171: =VLOOKUP($C3171,Clients!$B:$F,N$6,0) -> Madagascar
B3172: 161028 | C3172: C001-04909 | D3172: Truck | E3172: 310 | F3172: So0030-A7592694 | G3172: G0007192 | H3172: 42303 | I3172: 2015 | J3172: 10 | K3172: =VLOOKUP($C3172,Clients!$B:$F,K$6,0) -> Linkbuzz | L3172: =VLOOKUP($C3172,Clients!$B:$F,L$6,0) -> Foreign | M3172: =VLOOKUP($C3172,Clients!$B:$F,M$6,0) -> MG | N3172: =VLOOKUP($C3172,Clients!$B:$F,N$6,0) -> Madagascar
B3173: 125880.97 | C3173: C001-04909 | D3173: Truck | E3173: 265 | F3173: So0030-A9393508 | G3173: G0007306 | H3173: 42343 | I3173: 2015 | J3173: 12 | K3173: =VLOOKUP($C3173,Clients!$B:$F,K$6,0) -> Linkbuzz | L3173: =VLOOKUP($C3173,Clients!$B:$F,L$6,0) -> Foreign | M3173: =VLOOKUP($C3173,Clients!$B:$F,M$6,0) -> MG | N3173: =VLOOKUP($C3173,Clients!$B:$F,N$6,0) -> Madagascar
B3174: 207731.2 | C3174: C001-04909 | D3174: Truck | E3174: 404 | F3174: So0030-A9745805 | G3174: G0007307 | H3174: 42343 | I3174: 2015 | J3174: 12 | K3174: =VLOOKUP($C3174,Clients!$B:$F,K$6,0) -> Linkbuzz | L3174: =VLOOKUP($C3174,Clients!$B:$F,L$6,0) -> Foreign | M3174: =VLOOKUP($C3174,Clients!$B:$F,M$6,0) -> MG | N3174: =VLOOKUP($C3174,Clients!$B:$F,N$6,0) -> Madagascar
... B4378: -2538.354 | C4378: C003-81498 | D4378: Client pick-up | E4378: -4 | F4378: So0010-A7283635 | G4378: G0005453 | H4378: 41932 | I4378: 2014 | J4378: 10 | K4378: =VLOOKUP($C4378,Clients!$B:$F,K$6,0) -> Jacobi Inc | L4378: =VLOOKUP($C4378,Clients!$B:$F,L$6,0) -> Foreign | M4378: =VLOOKUP($C4378,Clients!$B:$F,M$6,0) -> BR | N4378: =VLOOKUP($C4378,Clients!$B:$F,N$6,0) -> Brazil
B4379: -12338.55 | C4379: C003-81498 | D4379: Client pick-up | E4379: 0 | F4379: #N/A | G4379: G0004205 | H4379: 42009 | I4379: 2015 | J4379: 1 | K4379: =VLOOKUP($C4379,Clients!$B:$F,K$6,0) -> Jacobi Inc | L4379: =VLOOKUP($C4379,Clients!$B:$F,L$6,0) -> Foreign | M4379: =VLOOKUP($C4379,Clients!$B:$F,M$6,0) -> BR | N4379: =VLOOKUP($C4379,Clients!$B:$F,N$6,0) -> Brazil
B4380: 6509.412 | C4380: C003-82125 | D4380: Client pick-up | E4380: 8 | F4380: So0000-A4812524 | G4380: G0005084 | H4380: 41711 | I4380: 2014 | J4380: 3 | K4380: =VLOOKUP($C4380,Clients!$B:$F,K$6,0) -> Davis, Schmeler and Altenwerth | L4380: =VLOOKUP($C4380,Clients!$B:$F,L$6,0) -> Foreign | M4380: =VLOOKUP($C4380,Clients!$B:$F,M$6,0) -> CN | N4380: =VLOOKUP($C4380,Clients!$B:$F,N$6,0) -> China
B4381: 20015.352 | C4381: C003-82125 | D4381: Client pick-up | E4381: 18 | F4381: So0020-A1247835 | G4381: G0005513 | H4381: 42038 | I4381: 2015 | J4381: 2 | K4381: =VLOOKUP($C4381,Clients!$B:$F,K$6,0) -> Davis, Schmeler and Altenwerth | L4381: =VLOOKUP($C4381,Clients!$B:$F,L$6,0) -> Foreign | M4381: =VLOOKUP($C4381,Clients!$B:$F,M$6,0) -> CN | N4381: =VLOOKUP($C4381,Clients!$B:$F,N$6,0) -> China
B4382: -5040 | C4382: C003-82125 | D4382: Client pick-up | E4382: -1 | F4382: So0030-A7246939 | G4382: G0005888 | H4382: 42284 | I4382: 2015 | J4382: 10 | K4382: =VLOOKUP($C4382,Clients!$B:$F,K$6,0) -> Davis, Schmeler and Altenwerth | L4382: =VLOOKUP($C4382,Clients!$B:$F,L$6,0) -> Foreign | M4382: =VLOOKUP($C4382,Clients!$B:$F,M$6,0) -> CN | N4382: =VLOOKUP($C4382,Clients!$B:$F,N$6,0) -> China
B4383: 95.76 | C4383: C003-83304 | D4383: Client pick-up | E4383: 0 | F4383: So1560-A5895606 | G4383: G0005015 | H4383: 41670 | I4383: 2014 | J4383: 1 | K4383: =VLOOKUP($C4383,Clients!$B:$F,K$6,0) -> Dietrich, Cartwright and Smitham | L4383: =VLOOKUP($C4383,Clients!$B:$F,L$6,0) -> Foreign | M4383: =VLOOKUP($C4383,Clients!$B:$F,M$6,0) -> HN | N4383: =VLOOKUP($C4383,Clients!$B:$F,N$6,0) -> Honduras
B4384: 95.76 | C4384: C003-83304 | D4384: Client pick-up | E4384: 0 | F4384: So1580-A8314065 | G4384: G0000028 | H4384: 41698 | I4384: 2014 | J4384: 2 | K4384: =VLOOKUP($C4384,Clients!$B:$F,K$6,0) -> Dietrich, Cartwright and Smitham | L4384: =VLOOKUP($C4384,Clients!$B:$F,L$6,0) -> Foreign | M4384: =VLOOKUP($C4384,Clients!$B:$F,M$6,0) -> HN | N4384: =VLOOKUP($C4384,Clients!$B:$F,N$6,0) -> Honduras
B4385: 95.76 | C4385: C003-83304 | D4385: Client pick-up | E4385: 0 | F4385: So1620-A5879599 | G4385: G0000063 | H4385: 41729 | I4385: 2014 | J4385: 3 | K4385: =VLOOKUP($C4385,Clients!$B:$F,K$6,0) -> Dietrich, Cartwright and Smitham | L4385: =VLOOKUP($C4385,Clients!$B:$F,L$6,0) -> Foreign | M4385: =VLOOKUP($C4385,Clients!$B:$F,M$6,0) -> HN | N4385: =VLOOKUP($C4385,Clients!$B:$F,N$6,0) -> Honduras
B4386: 95.76 | C4386: C003-83304 | D4386: Client pick-up | E4386: 0 | F4386: So1640-A8316202 | G4386: G0000096 | H4386: 41759 | I4386: 2014 | J4386: 4 | K4386: =VLOOKUP($C4386,Clients!$B:$F,K$6,0) -> Dietrich, Cartwright and Smitham | L4386: =VLOOKUP($C4386,Clients!$B:$F,L$6,0) -> Foreign | M4386: =VLOOKUP($C4386,Clients!$B:$F,M$6,0) -> HN | N4386: =VLOOKUP($C4386,Clients!$B:$F,N$6,0) -> Honduras
B4387: 95.76 | C4387: C003-83304 | D4387: Client pick-up | E4387: 0 | F4387: So1660-A3673094 | G4387: G0000210 | H4387: 41790 | I4387: 2014 | J4387: 5 | K4387: =VLOOKUP($C4387,Clients!$B:$F,K$6,0) -> Dietrich, Cartwright and Smitham | L4387: =VLOOKUP($C4387,Clients!$B:$F,L$6,0) -> Foreign | M4387: =VLOOKUP($C4387,Clients!$B:$F,M$6,0) -> HN | N4387: =VLOOKUP($C4387,Clients!$B:$F,N$6,0) -> Honduras
B4388: 95.76 | C4388: C003-83304 | D4388: Client pick-up | E4388: 0 | F4388: So1670-A8371208 | G4388: G0000241 | H4388: 41820 | I4388: 2014 | J4388: 6 | K4388: =VLOOKUP($C4388,Clients!$B:$F,K$6,0) -> Dietrich, Cartwright and Smitham | L4388: =VLOOKUP($C4388,Clients!$B:$F,L$6,0) -> Foreign | M4388: =VLOOKUP($C4388,Clients!$B:$F,M$6,0) -> HN | N4388: =VLOOKUP($C4388,Clients!$B:$F,N$6,0) -> Honduras
B4389: 95.76 | C4389: C003-83304 | D4389: Client pick-up | E4389: 0 | F4389: So1700-A0978331 | G4389: G0000276 | H4389: 41851 | I4389: 2014 | J4389: 7 | K4389: =VLOOKUP($C4389,Clients!$B:$F,K$6,0) -> Dietrich, Cartwright and Smitham | L4389: =VLOOKUP($C4389,Clients!$B:$F,L$6,0) -> Foreign | M4389: =VLOOKUP($C4389,Clients!$B:$F,M$6,0) -> HN | N4389: =VLOOKUP($C4389,Clients!$B:$F,N$6,0) -> Honduras
B4390: 95.76 | C4390: C003-83304 | D4390: Client pick-up | E4390: 0 | F4390: So1740-A5819955 | G4390: G0000317 | H4390: 41880 | I4390: 2014 | J4390: 8 | K4390: =VLOOKUP($C4390,Clients!$B:$F,K$6,0) -> Dietrich, Cartwright and Smitham | L4390: =VLOOKUP($C4390,Clients!$B:$F,L$6,0) -> Foreign | M4390: =VLOOKUP($C4390,Clients!$B:$F,M$6,0) -> HN | N4390: =VLOOKUP($C4390,Clients!$B:$F,N$6,0) -> Honduras
B4391: 95.76 | C4391: C003-83304 | D4391: Client pick-up | E4391: 0 | F4391: So1770-A5892154 | G4391: G0000342 | H4391: 41912 | I4391: 2014 | J4391: 9 | K4391: =VLOOKUP($C4391,Clients!$B:$F,K$6,0) -> Dietrich, Cartwright and Smitham | L4391: =VLOOKUP($C4391,Clients!$B:$F,L$6,0) -> Foreign | M4391: =VLOOKUP($C4391,Clients!$B:$F,M$6,0) -> HN | N4391: =VLOOKUP($C4391,Clients!$B:$F,N$6,0) -> Honduras
... B7853: 834.96 | C7853: C005-00108 | D7853: Client pick-up | E7853: 53 | F7853: So0060-A9703389 | G7853: G0001586 | H7853: 42766 | I7853: 2017 | J7853: 1 | K7853: =VLOOKUP($C7853,Clients!$B:$F,K$6,0) -> Cummerata-Hoeger | L7853: =VLOOKUP($C7853,Clients!$B:$F,L$6,0) -> Related Parties | M7853: =VLOOKUP($C7853,Clients!$B:$F,M$6,0) -> AR | N7853: =VLOOKUP($C7853,Clients!$B:$F,N$6,0) -> Argentina
B7854: 814.8 | C7854: C005-00108 | D7854: Client pick-up | E7854: 0 | F7854: #N/A | G7854: G8 | H7854: 42766 | I7854: 2017 | J7854: 1 | K7854: =VLOOKUP($C7854,Clients!$B:$F,K$6,0) -> Cummerata-Hoeger | L7854: =VLOOKUP($C7854,Clients!$B:$F,L$6,0) -> Related Parties | M7854: =VLOOKUP($C7854,Clients!$B:$F,M$6,0) -> AR | N7854: =VLOOKUP($C7854,Clients!$B:$F,N$6,0) -> Argentina
B7855: 4071.816 | C7855: C005-00108 | D7855: Client pick-up | E7855: 0 | F7855: #N/A | G7855: GЕСТИЕ 1 | H7855: 42766 | I7855: 2017 | J7855: 1 | K7855: =VLOOKUP($C7855,Clients!$B:$F,K$6,0) -> Cummerata-Hoeger | L7855: =VLOOKUP($C7855,Clients!$B:$F,L$6,0) -> Related Parties | M7855: =VLOOKUP($C7855,Clients!$B:$F,M$6,0) -> AR | N7855: =VLOOKUP($C7855,Clients!$B:$F,N$6,0) -> Argentina
B7856: -58.506 | C7856: C005-00108 | D7856: Client pick-up | E7856: 0 | F7856: So3030-A5928131 | G7856: G0001598 | H7856: 42794 | I7856: 2017 | J7856: 2 | K7856: =VLOOKUP($C7856,Clients!$B:$F,K$6,0) -> Cummerata-Hoeger | L7856: =VLOOKUP($C7856,Clients!$B:$F,L$6,0) -> Related Parties | M7856: =VLOOKUP($C7856,Clients!$B:$F,M$6,0) -> AR | N7856: =VLOOKUP($C7856,Clients!$B:$F,N$6,0) -> Argentina
B7857: 10455.984 | C7857: C005-00108 | D7857: Client pick-up | E7857: 0 | F7857: So3030-A5958508 | G7857: G0001599 | H7857: 42794 | I7857: 2017 | J7857: 2 | K7857: =VLOOKUP($C7857,Clients!$B:$F,K$6,0) -> Cummerata-Hoeger | L7857: =VLOOKUP($C7857,Clients!$B:$F,L$6,0) -> Related Parties | M7857: =VLOOKUP($C7857,Clients!$B:$F,M$6,0) -> AR | N7857: =VLOOKUP($C7857,Clients!$B:$F,N$6,0) -> Argentina
B7858: 2061.36 | C7858: C005-00108 | D7858: Client pick-up | E7858: 136 | F7858: So0070-A2942999 | G7858: G0001600 | H7858: 42794 | I7858: 2017 | J7858: 2 | K7858: =VLOOKUP($C7858,Clients!$B:$F,K$6,0) -> Cummerata-Hoeger | L7858: =VLOOKUP($C7858,Clients!$B:$F,L$6,0) -> Related Parties | M7858: =VLOOKUP($C7858,Clients!$B:$F,M$6,0) -> AR | N7858: =VLOOKUP($C7858,Clients!$B:$F,N$6,0) -> Argentina
B7859: 68100.984 | C7859: C005-00108 | D7859: Client pick-up | E7859: 65 | F7859: So0070-A2931362 | G7859: G0001601 | H7859: 42794 | I7859: 2017 | J7859: 2 | K7859: =VLOOKUP($C7859,Clients!$B:$F,K$6,0) -> Cummerata-Hoeger | L7859: =VLOOKUP($C7859,Clients!$B:$F,L$6,0) -> Related Parties | M7859: =VLOOKUP($C7859,Clients!$B:$F,M$6,0) -> AR | N7859: =VLOOKUP($C7859,Clients!$B:$F,N$6,0) -> Argentina
B7860: 84 | C7860: C005-00108 | D7860: Client pick-up | E7860: 0 | F7860: #N/A | G7860: GЕСТИЕ 3 | H7860: 42794 | I7860: 2017 | J7860: 2 | K7860: =VLOOKUP($C7860,Clients!$B:$F,K$6,0) -> Cummerata-Hoeger | L7860: =VLOOKUP($C7860,Clients!$B:$F,L$6,0) -> Related Parties | M7860: =VLOOKUP($C7860,Clients!$B:$F,M$6,0) -> AR | N7860: =VLOOKUP($C7860,Clients!$B:$F,N$6,0) -> Argentina
B7861: 2678.088 | C7861: C005-00108 | D7861: Client pick-up | E7861: 0 | F7861: #N/A | G7861: GЕСТИЕ 4 | H7861: 42810 | I7861: 2017 | J7861: 3 | K7861: =VLOOKUP($C7861,Clients!$B:$F,K$6,0) -> Cummerata-Hoeger | L7861: =VLOOKUP($C7861,Clients!$B:$F,L$6,0) -> Related Parties | M7861: =VLOOKUP($C7861,Clients!$B:$F,M$6,0) -> AR | N7861: =VLOOKUP($C7861,Clients!$B:$F,N$6,0) -> Argentina
B7862: 9592.8 | C7862: C005-00108 | D7862: Client pick-up | E7862: 0 | F7862: #N/A | G7862: GСТИЕ 06 | H7862: 42824 | I7862: 2017 | J7862: 3 | K7862: =VLOOKUP($C7862,Clients!$B:$F,K$6,0) -> Cummerata-Hoeger | L7862: =VLOOKUP($C7862,Clients!$B:$F,L$6,0) -> Related Parties | M7862: =VLOOKUP($C7862,Clients!$B:$F,M$6,0) -> AR | N7862: =VLOOKUP($C7862,Clients!$B:$F,N$6,0) -> Argentina
...

Sheet Clients
B2: Clients Info List
B3: Magnimetrics
B5: in EUR
B7: Client ID | C7: Client Name | D7: Group | E7: Country ID | F7: Country
B8: C010-88386 | C8: Abata | D8: Foreign | E8: CN | F8: China
B9: C007-40392 | C9: Abatz | D9: Foreign | E9: US | F9: United States
B10: C006-20277 | C10: Agimba | D10: Foreign | E10: CN | F10: China
B11: C011-88726 | C11: Agivu | D11: Foreign | E11: ID | F11: Indonesia
B12: C000-01253 | C12: Aibox | D12: Foreign | E12: CN | F12: China
B13: C004-68885 | C13: Ailane | D13: Foreign | E13: PE | F13: Peru
B14: C012-04835 | C14: Aimbo | D14: Foreign | E14: PL | F14: Poland
B15: C010-94896 | C15: Aimbu | D15: Foreign | E15: JM | F15: Jamaica
B16: C000-05890 | C16: Ainyx | D16: Foreign | E16: ID | F16: Indonesia
B17: C008-93375 | C17: Aivee | D17: Foreign | E17: US | F17: United States
B18: C010-89588 | C18: Avamba | D18: Foreign | E18: RU | F18: Russia
... B765: C005-89762 | C765: Johnson-Lubowitz | D765: Foreign | E765: CM | F765: Cameroon
